 Dungeon Crawl Stone Soup version 0.32-a0-871-ge202e49faa (webtiles) character file.

Game seed: 3092518291278059708

1703272 Monkooky the Evocator (level 26, 179/179 HPs)
             Began as a Coglin Chaos Knight on Mar 28, 2024.
             Was a Favourite Plaything of Xom.
             Escaped with the Orb
             ... and 3 runes on Mar 29, 2024!
             The game lasted 04:23:55 (62427 turns).

Monkooky the Evocator (Coglin Chaos Knight)        Turns: 62427, Time: 04:23:55

Health: 179/179    AC: 23    Str: 20    XL:     26   Next: 2%
Magic:  30/30      EV: 16    Int: 25    God:    Xom [...*..]
Gold:   2859       SH:  0    Dex: 18    Spells: 12/46 levels left

rFire   + . .        u - staff "Suviemau" {rElec rC+ Earth}
rCold   + . .        r - staff "Xuosog" {rN+ Int+4 Conj}
rNeg    + . .        X - quicksilver dragon scales
rPois   +            a - +0 mask of the Dragon {Will+ Slay+3 SInv}
rElec   +            v - +2 cloak {rCorr}
rCorr   +            L - +2 pair of gloves {hurl}
SInv    +            d - +0 pair of boots "Plog" {rPois rF+ Int+3 Dex+2}
Will    +++..        (amulet unavailable)
Stlth   +            (ring unavailable)
HPRegen 1.29/turn    (ring unavailable)
MPRegen 0.62/turn    R - bismuth scope {rF+ Regen+ RegenMP+ Slay+3}

%: no passive effects
@: hasted, studying 3 skills, very quick
A: off-hand wielding, slow wielding, warmup strikes, no jewellery, horns 1,
iridescent scales 1, clever 1, frail 1, low MP 2, strong 1, teleportitis 1, heat
vulnerability 1
0: Orb of Zot
}: 3/15 runes: decaying, slimy, gossamer
a: Renounce Religion


You escaped.
You worshipped Xom.
You were a favourite toy of Xom.
You visited 10 branches of the dungeon, and saw 51 of its levels.
You visited the Abyss 1 time.
You visited 2 bazaars.
You also visited: Trove, Bailey and Ice Cave.

You collected 9259 gold pieces.
You spent 6400 gold pieces at shops.

Inventory:

Missiles
 I - 3 curare-tipped darts
 T - 4 throwing nets
Armour
 a - the +0 mask of the Dragon (worn) {Will+ Slay+3 SInv}
   (You bought it in a shop on level 2 of the Orcish Mines)

   Slay+3:    It affects your accuracy & damage with ranged weapons and melee
   (+3).
   Will+:     It increases your willpower.
   SInv:      It lets you see invisible.
 d - the +0 pair of boots "Plog" (worn) {rPois rF+ Int+3 Dex+2}
   (You found it in a bailey)

   Int+3:     It affects your intelligence (+3).
   Dex+2:     It affects your dexterity (+2).
   rF+:       It protects you from fire.
   rPois:     It protects you from poison.
 v - a +2 cloak of preservation (worn)
 L - a +2 pair of gloves of hurling (worn)
 U - the +4 helmet "Ison Leu" {Str+2 Int+2}
   (You bought it in a shop on level 2 of the Orcish Mines)

   Str+2:     It affects your strength (+2).
   Int+2:     It affects your intelligence (+2).
 X - quicksilver dragon scales (worn)
Magical Staves
 n - a staff of earth {Ferran}
 r - the staff "Xuosog" (offhand) {rN+ Int+4 Conj}
   (You found it on level 5 of the Pits of Slime)

   [staff of conjuration]

   Base accuracy: +5 Base damage: 5 Base attack delay: 1.2 This weapon's minimum
   attack delay (0.6) is reached at skill level 12.
   Int+4:     It affects your intelligence (+4).
   rN+:       It protects you from negative energy.
   Conj:      It increases the power of your Conjurations spells.
   It falls into the 'Staves' category.
   It is a one-graspered weapon.
 u - the staff "Suviemau" (weapon) {rElec rC+ Earth}
   (You found it on level 3 of the Elven Halls)

   [staff of earth]

   Base accuracy: +5 Base damage: 5 Base attack delay: 1.2 This weapon's minimum
   attack delay (0.6) is reached at skill level 12.
   rC+:       It protects you from cold.
   rElec:     It insulates you from electricity.
   Earth:     It increases the power of your Earth spells.
   It falls into the 'Staves' category.
   It is a one-graspered weapon.
Gizmo
 R - a bismuth scope (installed) {rF+ Regen+ RegenMP+ Slay+3}
   (You invented it yourself in an ice cave)

   [bismuth scope]

   Slay+3:    It affects your accuracy & damage with ranged weapons and melee
   (+3).
   rF+:       It protects you from fire.
   Regen+:    It increases your rate of health regeneration.
   RegenMP+:  It increases your rate of magic regeneration.
Wands
 t - a wand of mindburst (15)
 H - a wand of paralysis (48)
 K - a wand of quicksilver (23)
 N - a wand of digging (9)
 Q - a wand of roots (14)
 Z - a wand of flame (40)
Scrolls
 b - 7 scrolls of poison
 h - 8 scrolls of fear
 j - 5 scrolls of immolation
 l - 15 scrolls of teleportation
 z - 4 scrolls of torment
 A - 2 scrolls of enchant armour
 E - 4 scrolls of summoning
 J - 5 scrolls of amnesia
 M - 7 scrolls of vulnerability
 V - 3 scrolls of silence
Potions
 e - 12 potions of enlightenment
 g - 4 potions of haste
 i - 6 potions of magic
 k - 2 potions of berserk rage
 m - 4 potions of invisibility
 o - 4 potions of cancellation
 q - a potion of resistance
 s - 8 potions of brilliance
 w - 16 potions of curing
 x - 15 potions of ambrosia
 B - 5 potions of heal wounds
 C - 8 potions of attraction
 G - 8 potions of lignification
 P - 6 potions of might
Miscellaneous
 p - a Gell's gravitambourine (inert)
 y - a sack of spiders (inert)
 S - a condenser vane
 W - a phantom mirror
 Y - a phial of floods (inert)


   Skills:
 - Level 14.5 Fighting
 - Level 4.4 Axes
 - Level 14.0 Staves
 - Level 14.0 Ranged Weapons
 - Level 9.5 Armour
 - Level 10.9 Dodging
 - Level 10.6 Spellcasting
 - Level 18.8 Ice Magic
 + Level 21.8 Earth Magic
 - Level 24.8 Evocations


You had 12 spell levels left.
You knew the following spells:

 Your Spells              Type           Power      Damage    Failure   Level
a - Ozocubu's Armour      Ice            82%        N/A       0%          3
b - Frozen Ramparts       Ice            100%       1d16      0%          3
c - Metabolic Englaciati  Hex/Ice        28%        N/A       4%          5
d - Ozocubu's Refrigerat  Ice            41%        4d16      2%          7
e - Freezing Cloud        Conj/Ice/Air   30%        6-21      14%         5
f - Permafrost Eruption   Ice/Erth       53%        2x4d15    1%          6
g - Lee's Rapid Deconstr  Erth           55%        3d26*     1%          5

Your spell library contained the following spells:

 Spells                   Type           Power      Damage    Failure   Level
 Freeze                   Ice            100%       1d10      0%          1
 Sandblast                Erth           100%       2d20      0%          1
 Passwall                 Erth           100%       N/A       0%          3
 Ensorcelled Hibernation  Hex/Ice        100%       N/A       1%          2
 Hailstorm                Conj/Ice       74%        3d13      1%          3
 Stone Arrow              Conj/Erth      100%       3d13      1%          3
 Summon Ice Beast         Ice/Summ       57%        N/A       1%          3
 Animate Armour           Summ/Erth      100%       N/A       1%          4
 Brom's Barrelling Bould  Conj/Erth      100%       2d11      1%          4
 Petrify                  Alch/Erth      80%        N/A       1%          4
 Apportation              Tloc           26%        N/A       7%          1
 Magic Dart               Conj           76%        1d6       7%          1
 Necrotise                Necr           52%        1d6       7%          1
 Shock                    Conj/Air       76%        1d7       7%          1
 Slow                     Hex            52%        N/A       7%          1
 Sting                    Conj/Alch      76%        1d7       7%          1
 Summon Small Mammal      Summ           52%        N/A       7%          1
 Blink                    Tloc           26%        N/A       11%         2
 Call Imp                 Summ           26%        N/A       11%         2
 Cigotuvi's Dreadful Rot  Necr/Alch/Air  26%        N/A       11%         2
 Jinxbite                 Hex            26%        N/A       11%         2
 Lesser Beckoning         Tloc           26%        N/A       11%         2
 Mercury Vapours          Alch/Air       26%        N/A       11%         2
 Momentum Strike          Conj/Tloc      38%        3d9       11%         2
 Sublimation of Blood     Necr           13%        N/A       11%         2
 Bombard                  Conj/Erth      50%        9d8       12%         6
 Call Canine Familiar     Summ           13%        N/A       22%         3
 Dazzling Flash           Conj/Hex       38%        N/A       22%         3
 Fugue of the Fallen      Necr           13%        N/A       22%         3
 Inner Flame              Hex/Fire       13%        N/A       22%         3
 Mephitic Cloud           Conj/Alch/Air  19%        N/A       22%         3
 Sigil of Binding         Hex            13%        N/A       22%         3
 Swiftness                Air            13%        N/A       22%         3
 Teleport Other           Tloc           13%        N/A       22%         3
 Tukima's Dance           Hex            13%        N/A       22%         3
 Volatile Blastmotes      Fire/Tloc      26%        2d12      22%         3
 Sculpt Simulacrum        Ice/Alch       28%        N/A       22%         6
 Airstrike                Air            6%         2d(1-17)  56%         4
 Anguish                  Hex/Necr       6%         N/A       56%         4
 Dimensional Bullseye     Hex/Tloc       6%         N/A       56%         4
 Flame Wave               Conj/Fire      19%        2d7       56%         4
 Fulminant Prism          Conj/Alch      9%         3d6       56%         4
 Ignite Poison            Fire/Alch      13%        N/A       56%         4
 Iskenderun's Mystic Bla Conj/Tloc 19%            2d6        (+2d2     56%         4
 Maxwell's Portable Pile  Tloc           13%        2d(7-13)  56%         4
 Olgreb's Toxic Radiance  Alch           13%        N/A       56%         4
 Sticky Flame             Fire/Alch      13%        2d5       56%         4
 Summon Blazeheart Golem  Fire/Summ      13%        N/A       56%         4
 Summon Lightning Spire   Summ/Air       13%        N/A       56%         4
 Vhi's Electric Charge    Tloc/Air       26%        N/A       56%         4
 Alistair's Intoxication  Alch           8%         N/A       89%         5
 Arcjolt                  Conj/Air       9%         1d19      89%         5
 Fireball                 Conj/Fire      9%         3d6       89%         5
 Irradiate                Conj/Alch      9%         3d14      89%         5
 Iskenderun's Battlesphe  Conj           19%        2d7       89%         5
 Polar Vortex             Ice            41%        12d5*     97%         9
 Conjure Ball Lightning   Conj/Air       9%         3x3d6     100%        6
 Death Channel            Necr           6%         N/A       100%        6
 Eringya's Noxious Bog    Alch           6%         4d6       100%        6
 Starburst                Conj/Fire      9%         6d5       100%        6
 Manifold Assault         Tloc           6%         N/A       100%        7
 Orb of Destruction       Conj           9%         9d6       100%        7
 Spellforged Servitor     Conj/Summ      9%         N/A       100%        7
 Summon Hydra             Summ           6%         N/A       100%        7
 Ignition                 Fire           6%         3d4       100%        8
 Maxwell's Capacitive Co  Air            6%         ∞         100%        8


Dungeon Overview and Level Annotations

Branches:
Dungeon (15/15)            Temple (0/1) D:5            Lair (5/5) D:11
  Swamp (4/4) Lair:2       Spider (4/4) Lair:3        Slime (5/5) Lair:4
    Orc (2/2) D:10            Elf (3/3) Orc:2        Vaults (4/5) D:14
  Crypt (0/3) Vaults:2     Depths (4/4) D:15            Zot (5/5) Depths:4
 Bailey (visited)           IceCv (visited)

Altars:
Ashenzari
Dithmenos
Elyvilon
Fedhas
Gozag
Kikubaaqudgha
Nemelex Xobeh
Qazlal
Ru
Uskayaw
Wu Jian
Xom
Yredelemnul
Zin
Beogh

Shops:
D:1 [   D:12 *   Orc:2 (?[[   Vaults:4 [   Depths:2 (   Depths:3 *

Portals:
Hell: Depths:1 Depths:2 Depths:3 Depths:4
Abyss: Depths:1 Depths:3
Pandemonium: Depths:1 Depths:2
Ziggurat: Depths:1

Annotations:
D:4 3 runed translucent doors, Stellion's ghost, amateur MDFi; dogverified's ghost, amateur DrSh; redsdead's ghost, amateur TrSh
D:5 exclusion: 2 downstairs
D:6 1 runed translucent door, Crazy Yiuf
D:7 exclusion: downstairs
D:9 3 runed translucent doors, seawaffle's ghost, journeyman MiBe
D:10 exclusion: downstairs
D:11 exclusion: downstairs
Elf:2 3 runed translucent doors
Elf:3 3 runed translucent doors, dcgchant's ghost, veteran GnIE
Vaults:2 36 runed translucent doors
Depths:1 exclusion: downstairs
Depths:3 exclusion: downstairs
Depths:4 3 runed translucent doors, Hitwibomn's ghost, veteran GnWn


Innate Abilities, Weirdness & Mutations

You can wield a second weapon in your off-hand.
It takes a long time for you to wield or remove held weapons.
Your first few attacks do less damage.
You cannot equip rings or amulets.
You have a pair of small horns on your head.
You are partially covered in iridescent scales. (AC +2)
Your mind is acute. (Int +4, Str/Dex -1)
You are frail. (-10% HP)
Your magical capacity is very low. (-20% MP)
Your muscles are strong. (Str +4, Int/Dex -1)
You are occasionally teleported next to monsters.
You are vulnerable to heat. (rF-)


Message History

Level annotation: 3 runed translucent doors, Stellion's ghost, amateur MDFi; dogverified's ghost, amateur DrSh; redsdead's ghost, amateur TrSh
There is a stone staircase leading down, spattered with blood here.
You feel yourself slow down.
There is a stone staircase leading up here.
You climb upwards.
There is a stone staircase leading down here.
You see here a +0 short sword.
There is a stone staircase leading up here.
You climb upwards.
There is a stone staircase leading down here.
There is a stone staircase leading down here.
A shadow demon and a cherub come into view.
The cherub is wielding a +2 falchion of flaming.
The shadow demon gives a loud, deep croak!
The cherub's human head shouts!
There is a stone staircase leading up here.
The shadow demon barely misses you.
You climb upwards.
There is a stone staircase leading down here.
You feel yourself speed up. The shadow demon closely misses you.
You hit the shadow demon but do no damage.
You blast the shadow demon!
You headbutt the shadow demon, but do no damage.
The shadow demon is moderately wounded.
You hit the shadow demon with the staff "Suviemau".
The ground beneath the shadow demon fractures!
The shadow demon gestures.
You hit the shadow demon with the staff "Xuosog"!
You blast the shadow demon.
You headbutt the shadow demon.
The shadow demon is almost dead.
You hit the shadow demon with the staff "Suviemau"!
The ground beneath the shadow demon fractures.
You kill the shadow demon!
The frilled lizard dissolves into shadows!
The hobgoblin dissolves into shadows!
Things that are here:
a +0 short sword; a kobold skeleton
There is an open door here.
There is a staircase leading out of the dungeon here.
You have escaped!

...#
#.........).......#
...####
#..##..#....##.####
......#
##.+...##...##.#
......#
###..###......#
......###
#.#...###.....#
........#
#.#....##...#.#
#######.#
#.##...###..#.# #.#
#..#....##)...#
#.###.###.@.###...#
#..##.>##...>##...#
##..#...##..####..#
##.#...##....#####
#.....#######
#######


There were no monsters in sight!

Vanquished Creatures
  the Royal Jelly (Slime:5)
  Frederick (Vaults:2)
  A dread lich (Zot:5)
  2 orbs of fire
  An ancient lich (Zot:5)
  Xtahua (Depths:4)
  2 Killer Klowns (Zot:5)
  Margery (Depths:4)
  Saint Roka (Elf:3)
  Nikola (Depths:1)
  2 golden dragons
  2 curse toes (Zot:4)
  A bone dragon (Swamp:4)
  A Tzitzimitl (Depths:3)
  A hellephant (Depths:4)
  An electric golem (Zot:5)
  7 Orb Guardians (Zot:5)
  10 tentacled monstrosities
  A lich (Vaults:3)
  3 deep elf blademasters (Elf:3)
  2 quicksilver dragons
  2 sphinxes (Elf:3)
  A titan (Depths:4)
  2 deep elf master archers (Elf:3)
  23 acid blobs
  Frances (Spider:2)
  6 death cobs
  9 storm dragons
  Kirke (Lair:4)
  A thorn hunter (Swamp:2)
  Aizul (Elf:2)
  A tengu reaver (Depths:4)
  5 shadow dragons
  12 azure jellies
  2 draconian monks (Depths:4)
  4 draconian knights
  An iron dragon (Depths:3)
  5 vault wardens
  2 deep elf elementalists (Elf:3)
  6 rockslimes
  7 draconian shifters
  7 fire giants
  3 frost giants
  A caustic shrike zombie (Depths:1)
  8 deep elf sorcerers
  6 draconian scorchers
  4 emperor scorpions
  3 ghost moths
  5 spectral caustic shrikes (Depths:2)
  6 orc warlords
  5 draconian annihilators
  2 draconian stormcallers (Zot:4)
  A spriggan defender (Depths:1)
  14 ironbound preservers
  7 quicksilver oozes
  14 very ugly things
  A broodmother (Spider:3)
  8 deep elf demonologists (Elf:3)
  12 stone giants
  4 formless jellyfish
  Nessos (D:13)
  6 eleionomae
  The ghost of zenocrate the Martial Artist, a journeyman OpEE of Gozag (Lair:5)
  4 vampire knights
  7 green draconians
  9 ironbound thunderhulks
  10 yellow draconians
  2 war gargoyles (Vaults:4)
  5 black draconians
  8 dire elephants
  2 white draconians
  16 deep elf annihilators
  7 deep elf death magi
  A red draconian (Zot:3)
  4 bunyips
  6 purple draconians
  A wendigo (Depths:3)
  6 ettins
  11 spark wasps
  2 green deaths
  2 merfolk impalers (Depths:4)
  Josephine (Orc:2)
  6 fire dragons
  Snorg (D:13)
  5 crystal guardians (Vaults:4)
  A blizzard demon (Depths:2)
  A merfolk javelineer (Depths:4)
  A fire dragon (shapeshifter) (D:11)
  5 yaktaur captains
  A shambling mangrove (Swamp:3)
  4 peacekeepers (Vaults:4)
  4 entropy weavers
  A hell beast (D:15)
  5 deep elf high priests (Elf:3)
  10 great orbs of eyes
  8 rakshasas
  12 hydras
  4 spriggan air magi
  The ghost of asd2613 the Skirmisher, a journeyman CoHu of Elyvilon (D:11)
  5 ice dragons
  15 alligators
  2 jorogumos
  5 radroaches
  3 vault guards
  3 ghost crabs (Swamp:4)
  3 ironbound frosthearts
  4 boulder beetles
  14 centaur warriors
  A two-headed ogre (shapeshifter) (D:15)
  14 dancing weapons
  3 death yaks (Lair:5)
  5 two-headed ogres
  2 deep troll shamans (Depths:1)
  20 tengu warriors
  6 deep troll earth magi
  4 occultists
  A sphinx skeleton (Vaults:1)
  2 vampire magi (Depths:3)
  Urug (D:12)
  8 demonic crawlers
  6 spriggan berserkers
  Sonja (D:12)
  15 hell knights
  19 deep elf knights
  4 skeletal warriors
  2 skysharks
  3 goliath frogs
  A sixfirhy (Depths:1)
  8 iron trolls
  8 pharaoh ants
  A spectral bunyip (Swamp:4)
  6 shadow wraiths (Depths:3)
  4 glowing orange brains
  4 spriggan druids
  An orb spider (shapeshifter) (IceCv)
  56 deep trolls
  5 orb spiders
  6 bog bodies
  A swamp dragon (Swamp:2)
  6 arcanists
  A death drake (Swamp:4)
  3 phantasmal warriors
  12 deep elf archers
  8 lindwurms
  4 shadow demons
  9 thermic dynamos
  A flayed ghost (Depths:1)
  A sun moth (Spider:1)
  3 spectral hydras (Swamp:4)
  18 deep elf pyromancers
  2 alligator zombies (Swamp:4)
  21 ironbound convokers
  10 steelbarb worms
  An iron dragon zombie (Depths:1)
  10 necromancers
  A spectral alligator (Swamp:4)
  10 harpies
  2 shining eyes (Slime:5)
  A tengu zombie (Vaults:2)
  16 deep elf zephyrmancers
  18 wolf spiders
  A fire giant zombie (Vaults:2)
  6 orc sorcerers
  25 orc knights
  48 ugly things
  6 manticores
  A faun (shapeshifter) (Depths:3)
  3 will-o-the-wisps (Swamp:3)
  2 kobold blastminers (Orc:2)
  7 moths of wrath
  6 cyclopes
  A salamander (D:8)
  19 meliai
  5 elephants (Lair:3)
  A black mamba (Lair:1)
  2 meliai (shapeshifter)
  2 ice statues (IceCv)
  2 eyes of devastation (shapeshifter)
  2 eyes of devastation
  3 gargoyles
  17 vault sentinels
  12 cane toads
  3 large abominations (Depths:1)
  A storm dragon simulacrum (Depths:3)
  4 unseen horrors
  A smoke demon (Depths:1)
  12 torpor snails
  A hellion (Depths:1)
  A rime drake (shapeshifter) (Lair:1)
  8 komodo dragons
  3 swamp worm zombies (Swamp:4)
  A yaktaur zombie (Vaults:2)
  3 kobold demonologists
  4 tengu conjurers
  14 yaktaurs
  4 hydra zombies (Swamp:4)
  A yaktaur skeleton (Vaults:2)
  5 polar bears
  4 trolls
  4 bloated husks
  2 hellwings (D:13)
  13 hornets
  10 blink frogs
  A queen bee (D:14)
  11 tyrant leeches
  18 tarantellas
  4 glass eyes
  Prince Ribbit (Lair:3)
  25 jumping spiders
  7 dream sheep
  3 spectral swamp dragons (Swamp:4)
  19 culicivoras
  114 slime creatures
  A culicivora (shapeshifter) (Elf:2)
  8 spriggans
  A spriggan (shapeshifter) (Elf:2)
  2 air elementals
  7 wyverns
  2 vampires
  A slime creature (shapeshifter) (Depths:3)
  An ettin skeleton (Depths:1)
  38 yaks
  A shadow (D:11)
  Eustachio (D:6)
  2 fire elementals
  6 wraiths
  A hog (Lair:4)
  9 water elementals
  4 basilisks
  4 tyrant leech zombies (Swamp:4)
  7 golden eyes
  3 steam dragons
  5 wargs
  64 redbacks
  16 vampire mosquitoes
  A neqoxec (D:14)
  Menkaure (D:7)
  2 acid dragons
  A human zombie (Vaults:1)
  5 chaos spawn
  A glowing shapeshifter zombie (Vaults:1)
  13 swamp worms
  2 great orb of eyes simulacra (IceCv)
  A hell hound (Lair:2)
  6 water moccasins
  29 orc warriors
  A human skeleton (Vaults:2)
  2 swamp drakes
  3 swamp dragon zombies (Swamp:4)
  2 ice beasts
  4 ogres
  2 black bears (D:5)
  4 wolves (Lair:3)
  A boggart (Vaults:1)
  10 centaurs
  3 lemures (D:8)
  6 phantoms (Swamp:4)
  2 slime creature simulacra (IceCv)
  3 gnoll sergeants
  2 kobold brigands
  5 bullfrogs
  4 glowing shapeshifter simulacra
  4 earth elementals
  3 scorpions
  4 small abominations (Depths:1)
  4 wights (D:7)
  53 killer bees
  A howler monkey (D:7)
  7 vampire bats (Bailey)
  3 electric eels
  9 wolf zombies (Bailey)
  A bombardier beetle (D:5)
  A gnoll bouda (D:5)
  23 orc priests
  A hound (D:6)
  A jelly (D:7)
  A sleepcap (D:5)
  Terence (D:3)
  6 iguanas
  16 orc wizards
  5 hell rats (Lair:2)
  3 shapeshifter simulacra (IceCv)
  17 gnolls
  6 adders
  A river rat (Orc:2)
  A shadow imp (D:7)
  14 white imps
  An ufetubus (Lair:4)
  4 dart slugs
  2 ribbon worms
  57 orcs
  8 ball pythons
  6 endoplasms
  4 giant cockroaches
  13 goblins
  2 hobgoblins
  6 jackals
  2 quokkas
  5 bats
  5 frilled lizards
  25 kobolds
  16 orc zombies (Bailey)
  3 rats
  2 spectral weapons (Vaults:1)
1978 creatures vanquished.

Vanquished Creatures (collateral kills)
  Bai Suzhen (Swamp:4)
  Rupert (D:13)
  Asterion (Spider:1)
  A deep elf master archer (Elf:3)
  A protean progenitor (Zot:3)
  A draconian scorcher (Zot:5)
  A deep elf demonologist (Elf:3)
  2 deep elf annihilators (Elf:3)
  2 yellow draconians (Zot:5)
  2 entropy weavers (Spider:4)
  A yaktaur captain (Vaults:4)
  A dancing weapon (Elf:2)
  A pharaoh ant (Spider:2)
  2 steelbarb worms (Spider:4)
  A deep elf zephyrmancer (Elf:1)
  A deep elf pyromancer (Elf:1)
  An orc knight (Vaults:4)
  A wolf spider (Spider:2)
  2 yaks (Lair:2)
  A wyvern (Lair:3)
  5 wolves (Lair:3)
  A lemure (D:8)
  A killer bee (D:10)
32 creatures vanquished.

Vanquished Creatures (others)
  A dire elephant (D:14)
  4 dancing weapons
  2 deep elf knights
  A deep troll (Depths:2)
  A deep elf archer (Elf:3)
  An unseen horror (Depths:1)
  A jumping spider (Spider:2)
  2 yaks
  A spriggan (Swamp:1)
  A human (Lair:4)
  A redback (Spider:2)
  An orc warrior (Elf:3)
  A phantom (Swamp:4)
  An orc wizard (D:10)
  2 orcs (Orc:2)
  6 foxfires
  33 spectral weapons
60 creatures vanquished.

Grand Total: 2070 creatures vanquished

Notes
Turn   | Place    | Note
-------+----------+-------------------------------------------
     0 | D:1      | Monkooky the Coglin Chaos Knight began the quest for the
                  | Orb.
     0 | D:1      | Reached XP level 1. HP: 18/18 MP: 1/1
    54 | D:1      | XOM: silly message
    96 | D:1      | Reached XP level 2. HP: 19/24 MP: 2/2
   188 | D:1      | You fall into a shaft and drop 1 floor!
   230 | D:1      | XOM: silly message
   323 | D:1      | XOM: silly message
   419 | D:1      | XOM: silly message
   435 | D:1      | Found Wuthroree's Antique Armour Shoppe.
   458 | D:1      | Reached XP level 3. HP: 29/29 MP: 3/3
   532 | D:1      | XOM: silly message
   607 | D:1      | XOM: silly message
   783 | D:2      | XOM: 1-stop teleportation journey
   898 | D:2      | Found an ancient bone altar of Kikubaaqudgha.
  1026 | D:2      | XOM: silly message
  1274 | D:3      | XOM: smoke on damage
  1339 | D:3      | XOM: noise
  1351 | D:3      | Reached skill level 1 in Ranged Weapons
  1351 | D:3      | XOM: chaos upgrade
  1353 | D:3      | Reached XP level 4. HP: 24/35 MP: 4/4
  1418 | D:3      | XOM: god gift: 26 gold pieces
  1438 | D:3      | Found a roughly hewn altar of Beogh.
  1453 | D:3      | XOM: potion effect (curing)
  1460 | D:3      | Reached XP level 5. HP: 18/41 MP: 5/5
  1577 | D:3      | Noticed Terence
  1590 | D:3      | Killed Terence
  1613 | D:3      | XOM: silly message
  1623 | D:3      | XOM: silly message
  1688 | D:3      | Found a glowing silver altar of Zin.
  1741 | D:3      | Found a stormy altar of Qazlal.
  1743 | D:3      | Found an ornate altar of the Wu Jian Council.
  1774 | D:3      | XOM: divination: detect items
  2137 | D:3      | Found a faded altar of an unknown god.
  2397 | D:4      | Noticed an ogre
  2402 | D:4      | HP: 2/41 [ogre/+0 giant spiked club (28)]
  2402 | D:4      | XOM: butterfly on damage
  2478 | D:4      | XOM: divination: detect items
  2481 | D:4      | Killed an ogre
  2482 | D:4      | Reached XP level 6. HP: 27/47 MP: 6/6
  2568 | D:4      | XOM: cloud trail
  2746 | D:4      | Reached skill level 5 in Ranged Weapons
  2802 | D:4      | XOM: divination: detect creatures
  3074 | D:4      | XOM: divination: detect items
  3193 | D:4      | Found a runed translucent gate.
  3193 | D:4      | Found a runed translucent gate.
  3193 | D:4      | Found a runed translucent gate.
  3197 | D:4      | Noticed Stellion's ghost (amateur MDFi)
  3197 | D:4      | Noticed dogverified's ghost (amateur DrSh)
  3197 | D:4      | Noticed redsdead's ghost (amateur TrSh)
  3210 | D:5      | Entered Level 5 of the Dungeon
  3276 | D:5      | Noticed a black bear
  3303 | D:5      | XOM: cast spell 'Iskenderun's Battlesphere'
  3307 | D:5      | Killed a black bear
  3308 | D:5      | Reached XP level 7. HP: 50/52 MP: 7/7
  3338 | D:5      | XOM: silly message
  3512 | D:5      | Found a staircase to the Ecumenical Temple.
  3608 | D:5      | XOM: give mutations
  3608 | D:5      | Gained mutation: You have a pair of small antennae on your
                  | head. [Xom's mischief]
  3608 | D:5      | Gained mutation: Your muscles are strong. (Str +4, Int/Dex
                  | -1) [Xom's mischief]
  3721 | D:5      | a water moccasin changed into a polar bear
  3721 | D:5      | Noticed a polar bear
  3721 | D:5      | XOM: polymorph water moccasin -> polar bear
  3722 | D:5      | XOM: summons 1 hostile demon
  3723 | D:5      | Noticed a sixfirhy
  4029 | D:5      | XOM: 2-stop teleportation journey
  4375 | D:6      | XOM: confusion
  4376 | D:6      | XOM: smoke on damage
  4592 | D:6      | Reached XP level 8. HP: 58/58 MP: 8/8
  4604 | D:6      | XOM: summons 1 hostile shadow creature
  4699 | D:6      | XOM: noise
  4723 | D:6      | Noticed Eustachio
  4739 | D:6      | Killed Eustachio
  4813 | D:6      | XOM: stat loss: -1 Int (10/11)
  4928 | D:6      | Identified the +10 dagger "Efrallogg" {flame, MP+9 Str+3}
  4931 | D:6      | XOM: cloud trail
  5145 | D:6      | Found an opulent altar of Gozag.
  5223 | D:6      | Found a runed translucent door.
  5224 | D:6      | Noticed Crazy Yiuf
  5305 | D:6      | XOM: god gift: white potion {god gift}
  5366 | D:6      | XOM: polymorph gnoll -> dart slug
  5640 | D:6      | XOM: god gift: orcbow {god gift}
  5719 | D:7      | XOM: god gift: forked gold wand {god gift}
  5925 | D:7      | Reached skill level 2 in Evocations
  6121 | D:7      | Noticed a wyvern
  6124 | D:7      | Killed a wyvern
  6125 | D:7      | Reached skill level 4 in Evocations
  6125 | D:7      | Reached XP level 9. HP: 63/63 MP: 9/9
  6154 | D:7      | Reached skill level 5 in Evocations
  6165 | D:7      | Reached skill level 6 in Evocations
  6296 | D:7      | XOM: enchant monster (bad)
  6297 | D:7      | XOM: enchant monster (bad)
  6303 | D:7      | Reached skill level 7 in Evocations
  6530 | D:7      | Noticed Menkaure
  6532 | D:7      | Killed Menkaure
  6533 | D:7      | Reached skill level 8 in Evocations
  6681 | D:7      | XOM: give mutation
  6681 | D:7      | Gained mutation: Your flesh is heat resistant. (rF+) [Xom's
                  | mischief]
  6687 | D:7      | XOM: draining
  6867 | D:5      | XOM: give mutations
  6867 | D:5      | Gained mutation: Your spells are a little harder to cast,
                  | but a little more powerful. [Xom's grace]
  6867 | D:5      | Gained mutation: You expend magic power (3 MP) to
                  | strengthen your wands. [Xom's grace]
  6919 | D:4      | XOM: divination: magic mapping
  6926 | D:4      | Killed a polar bear
  6927 | D:4      | Reached skill level 9 in Evocations
  6966 | D:4      | XOM: divination: detect items
  7054 | D:8      | XOM: noise
  7057 | D:8      | XOM: fog
  7389 | D:8      | XOM: cleaving
  7398 | D:8      | Reached skill level 5 in Fighting
  7560 | D:8      | Reached XP level 10. HP: 42/74 MP: 10/10
  7644 | D:8      | XOM: scenery: summon butterflies
  7647 | D:8      | Noticed Pikel
  7661 | D:8      | XOM: enchant monster (good)
  7665 | D:8      | XOM: 3-stop teleportation journey
  8353 | D:8      | XOM: noise
  8358 | D:8      | XOM: summons 3 friendly demons
  8360 | D:8      | Pikel changed into Pikel the salamander
  8360 | D:8      | Noticed Pikel
  8360 | D:8      | XOM: polymorph Pikel -> Pikel the salamander
  8378 | D:8      | XOM: confusion (+ monsters)
  8393 | D:8      | Killed Pikel the salamander
  8401 | D:8      | XOM: stat loss: -1 Str (18/19)
  8477 | D:8      | XOM: give mutations
  8477 | D:8      | Lost mutation: You have a pair of small antennae on your
                  | head. [Xom's mischief]
  8477 | D:8      | Lost mutation: Your muscles are strong. (Str +4, Int/Dex
                  | -1) [Xom's mischief]
  8477 | D:8      | Gained mutation: Your flesh is very heat resistant. (rF++)
                  | [Xom's mischief]
  8677 | D:4      | XOM: summons 4 hostile shadow creatures
  8787 | D:1      | Bought a shiny helmet for 172 gold pieces
  8845 | D:3      | XOM: give mutation
  8845 | D:3      | Gained mutation: You are dopey. (Int -2) [Xom's mischief]
  9074 | D:9      | Noticed a kobold demonologist
  9082 | D:8      | Noticed a soul eater
  9086 | D:8      | Killed a kobold demonologist
  9319 | D:8      | XOM: noise
  9365 | D:9      | XOM: enchant monster (bad)
  9393 | D:9      | Found a broken altar of Ashenzari.
  9420 | D:9      | Found a flagged portal.
  9432 | Bailey   | Entered a bailey
  9550 | Bailey   | XOM: 2-stop teleportation journey
  9571 | Bailey   | Identified the +0 pair of boots "Plog" {rPois rF+ Int+3
                  | Dex+2}
  9767 | Bailey   | XOM: silly message
  9870 | Bailey   | XOM: chaos cloud
  9877 | Bailey   | XOM: summons 3 hostile demons
  9885 | Bailey   | Reached skill level 10 in Ranged Weapons
  9886 | Bailey   | XOM: summons 1 hostile shadow creature
 10008 | Bailey   | Noticed a gargoyle
 10011 | Bailey   | Killed a gargoyle
 10178 | D:9      | XOM: 4-stop teleportation journey
 10199 | D:9      | XOM: confuse monster(s)
 10209 | D:9      | Reached XP level 11. HP: 76/84 MP: 11/11
 10292 | D:9      | XOM: noise
 10734 | D:9      | Found a runed translucent gate.
 10736 | D:9      | Found a runed translucent gate.
 10736 | D:9      | Noticed seawaffle's ghost (journeyman MiBe)
 10737 | D:9      | Found a runed translucent gate.
 10918 | D:10     | Entered Level 10 of the Dungeon
 10988 | D:10     | XOM: give mutations
 10988 | D:10     | Lost mutation: Your spells are a little harder to cast, but
                  | a little more powerful. [Xom's mischief]
 10988 | D:10     | Lost mutation: Your flesh is very heat resistant. (rF++)
                  | [Xom's mischief]
 10992 | D:10     | XOM: chaos upgrade
 11272 | D:10     | XOM: noise
 11276 | D:10     | Found a staircase to the Orcish Mines.
 11586 | D:10     | XOM: summons 6 hostile demons
 11714 | D:10     | XOM: potion effect (haste)
 11730 | D:10     | XOM: confusion (+ monsters)
 12187 | D:10     | XOM: enchant monster (good)
 12279 | D:10     | XOM: swap monsters
 12429 | D:11     | Noticed asd2613's ghost (journeyman CoHu)
 12429 | D:11     | Noticed a yaktaur captain
 12429 | D:11     | Found a runed translucent door.
 12635 | D:11     | XOM: cast spell 'Olgreb's Toxic Radiance'
 12727 | D:11     | XOM: cleaving
 12937 | D:11     | Noticed a brown ugly thing
 12938 | D:11     | XOM: summons 2 hostile demons
 13065 | D:11     | Found a staircase to the Lair.
 13070 | D:11     | Noticed a two-headed ogre
 13074 | D:11     | XOM: blink monster(s)
 13078 | D:11     | Killed a two-headed ogre
 13081 | Lair:1   | XOM: stealth player
 13081 | Lair:1   | Entered Level 1 of the Lair of Beasts
 13088 | Lair:1   | XOM: noise
 13141 | Lair:1   | XOM: polymorph water moccasin -> shapeshifter
 13142 | Lair:1   | XOM: confusion
 13151 | Lair:1   | XOM: swap monsters
 13222 | Lair:1   | XOM: noise
 13315 | Lair:1   | XOM: snakes to sticks
 13405 | Lair:1   | XOM: polymorph cane toad -> ball python
 13467 | Lair:1   | XOM: silly message
 13590 | Lair:1   | a yak changed into a two-headed ogre
 13590 | Lair:1   | Noticed a two-headed ogre
 13590 | Lair:1   | XOM: polymorph yak -> two-headed ogre
 13591 | Lair:1   | Reached XP level 12. HP: 92/92 MP: 8/12
 13595 | Lair:1   | Killed a two-headed ogre
 13596 | Lair:1   | Reached skill level 5 in Dodging
 14152 | Lair:2   | XOM: summons 2 friendly demons
 14219 | Lair:2   | XOM: polymorph hell rat -> hell hound
 14426 | Lair:2   | XOM: give mutation
 14426 | Lair:2   | Gained mutation: You sometimes lose your temper in combat.
                  | [Xom's mischief]
 14498 | Lair:2   | XOM: swap monsters
 14793 | Lair:2   | Reached skill level 10 in Evocations
 14804 | Lair:2   | XOM: summons 12 friendly demons
 14902 | Lair:2   | XOM: smoke on damage
 14907 | Lair:2   | XOM: noise
 14908 | Lair:2   | Reached skill level 11 in Evocations
 14909 | Lair:2   | XOM: polymorph spriggan druid -> manticore
 14925 | Lair:2   | Found a staircase to the Swamp.
 14925 | Lair:2   | XOM: 4-stop teleportation journey
 15057 | Lair:2   | XOM is BORED!
 15110 | Lair:2   | XOM: give mutations
 15110 | Lair:2   | Lost mutation: You sometimes lose your temper in combat.
                  | [Xom's mischief]
 15110 | Lair:2   | Gained mutation: You are robust. (+10% HP) [Xom's mischief]
 15110 | Lair:2   | Gained mutation: You are partially covered in iridescent
                  | scales. (AC +2) [Xom's mischief]
 15110 | Lair:2   | Gained mutation: You are strong-willed. (Will+) [Xom's
                  | mischief]
 15220 | Lair:3   | XOM: silly message
 15229 | Lair:3   | Reached skill level 12 in Evocations
 15241 | Lair:3   | Identified the beast talisman "Nekhif" {rPois rC+ rN+
                  | Int+3}
 15265 | Lair:3   | XOM: cast spell 'Summon Horrible Things'
 15509 | Lair:3   | XOM: confusion (+ monsters)
 15511 | Lair:3   | XOM: summons 5 friendly demons
 15553 | Lair:3   | Found a hole to the Spider Nest.
 15590 | Lair:3   | Noticed a skyshark
 15601 | Lair:3   | Killed a skyshark
 15694 | Lair:3   | XOM: confusion (+ monsters)
 15850 | Lair:3   | Reached XP level 13. HP: 107/107 MP: 13/13
 15857 | Lair:3   | Reached skill level 5 in Armour
 15892 | Lair:3   | Noticed Prince Ribbit
 15903 | Lair:3   | Killed Prince Ribbit
 15906 | Lair:3   | Reached skill level 1 in Ice Magic
 15910 | Lair:3   | Learned a level 3 spell: Ozocubu's Armour
 15914 | Lair:3   | Learned a level 3 spell: Frozen Ramparts
 15937 | Lair:3   | XOM: enchant monster (bad)
 15942 | Lair:3   | XOM: confusion (+ monsters)
 15960 | Lair:3   | XOM: divination: magic mapping
 15964 | Lair:3   | XOM: noise
 15965 | Lair:3   | XOM: confuse monster(s)
 16119 | Lair:3   | XOM: divination: magic mapping
 16550 | Lair:4   | XOM: noise
 16577 | Lair:4   | Noticed Kirke
 16579 | Lair:4   | XOM: confuse monster(s)
 16591 | Lair:4   | Killed Kirke
 16621 | Lair:4   | XOM: polymorph cane toad -> eight-headed hydra
 16631 | Lair:4   | Reached skill level 5 in Ice Magic
 16637 | Lair:3   | XOM: summons 5 hostile demons
 16774 | Lair:4   | XOM: enchant monster (bad)
 16816 | Lair:4   | XOM: cleaving
 16818 | Lair:4   | XOM: confuse monster(s)
 16906 | Lair:4   | XOM: give mutations
 16906 | Lair:4   | Gained mutation: You are very robust. (+20% HP) [Xom's
                  | grace]
 16906 | Lair:4   | Gained mutation: You have a pair of small horns on your
                  | head. [Xom's grace]
 16906 | Lair:4   | Gained mutation: Your flesh is very heat resistant. (rF++)
                  | [Xom's grace]
 16991 | Lair:4   | Reached skill level 1 in Spellcasting
 17185 | Lair:4   | XOM: god gift: talisman of death
 17236 | Lair:4   | Found a staircase to the Slime Pits.
 17262 | Lair:4   | Identified the +10 great sword of the Supporting Gods
                  | {heavy, rC+ SInv}
 17445 | Lair:4   | XOM: god gift: chain mail {god gift}
 17835 | Lair:5   | Entered Level 5 of the Lair of Beasts
 17835 | Lair:5   | Found a frozen archway.
 17838 | Lair:5   | XOM: polymorph white imp -> ufetubus
 17912 | Lair:4   | XOM: divine lightning
 18104 | IceCv    | Entered an ice cave
 18156 | IceCv    | XOM: god gift: 23 gold pieces
 18233 | IceCv    | XOM: polymorph slime creature -> shapeshifter
 18342 | IceCv    | XOM: god gift: plate armour {god gift}
 18432 | IceCv    | XOM: god gift: scroll of immolation
 18604 | IceCv    | XOM: potion effect (brilliance)
 18607 | IceCv    | XOM: potion effect (experience)
 18607 | IceCv    | Reached skill level 5 in Spellcasting
 18607 | IceCv    | Reached XP level 14. HP: 127/127 MP: 17/21
 18615 | IceCv    | Acquired a bismuth scope {rF+ Regen+ RegenMP+ Slay+3}
 18680 | IceCv    | Noticed a quicksilver ooze
 18690 | IceCv    | Killed a quicksilver ooze
 18761 | IceCv    | XOM: silly message
 18799 | IceCv    | XOM: potion effect (brilliance)
 19120 | IceCv    | XOM: potion effect (haste)
 19170 | IceCv    | Found a viscous altar of Jiyva.
 19170 | IceCv    | Noticed an azure jelly
 19180 | IceCv    | Killed an azure jelly
 19184 | IceCv    | Noticed an azure jelly
 19190 | IceCv    | XOM: butterfly on damage
 19191 | IceCv    | Killed an azure jelly
 19192 | IceCv    | Reached skill level 13 in Evocations
 19278 | IceCv    | XOM: give mutations
 19278 | IceCv    | Gained mutation: You are extremely robust. (+30% HP) [Xom's
                  | grace]
 19278 | IceCv    | Gained mutation: You possess an exceptional clarity of
                  | mind. [Xom's grace]
 19278 | IceCv    | Gained mutation: You are mostly covered in iridescent
                  | scales. (AC +4) [Xom's grace]
 19347 | Lair:5   | Noticed zenocrate's ghost (journeyman OpEE)
 19352 | Lair:5   | Found a runed translucent door.
 19384 | Lair:5   | XOM: cloud trail
 19587 | Lair:5   | Identified the +7 rapier "Mal Foig" {spect, Str+2}
 19653 | Lair:5   | Lost mutation: You are strong-willed. (Will+) [potion of
                  | mutation]
 19653 | Lair:5   | Lost mutation: Your flesh is very heat resistant. (rF++)
                  | [potion of mutation]
 19653 | Lair:5   | Lost mutation: You have a pair of small horns on your head.
                  | [potion of mutation]
 19653 | Lair:5   | Gained mutation: You are very dopey. (Int -4) [potion of
                  | mutation]
 19653 | Lair:5   | Gained mutation: You are somewhat resistant to further
                  | mutation. [potion of mutation]
 19713 | Lair:5   | Reached XP level 15. HP: 124/145 MP: 23/23
 19721 | Lair:5   | Reached skill level 14 in Evocations
 19847 | Lair:5   | XOM: 2-stop teleportation journey
 19894 | Lair:5   | XOM: noise
 20031 | Lair:5   | Reached skill level 15 in Evocations
 20087 | Lair:5   | XOM: enchant monster (good)
 20142 | Lair:5   | XOM: give mutation
 20142 | Lair:5   | Gained mutation: Your system is resistant to poisons.
                  | (rPois) [Xom's grace]
 20431 | Lair:5   | XOM: give mutations
 20431 | Lair:5   | Lost mutation: You possess an exceptional clarity of mind.
                  | [Xom's mischief]
 20431 | Lair:5   | Lost mutation: Your flesh is heat resistant. (rF+) [Xom's
                  | mischief]
 20431 | Lair:5   | Lost mutation: You expend magic power (3 MP) to strengthen
                  | your wands. [Xom's mischief]
 20431 | Lair:5   | Lost mutation: You are very dopey. (Int -4) [Xom's
                  | mischief]
 20719 | D:11     | XOM: 2-stop teleportation journey
 21037 | Orc:1    | Entered Level 1 of the Orcish Mines
 21089 | Orc:1    | XOM: smoke on damage
 21118 | Orc:1    | XOM: scenery: create altars
 21297 | Orc:2    | Entered Level 2 of the Orcish Mines
 21298 | Orc:2    | Noticed Josephine
 21303 | Orc:2    | XOM: repel stairs
 21312 | Orc:2    | XOM: summons 5 hostile demons
 21313 | Orc:2    | XOM: polymorph centaur -> river rat
 21389 | Orc:2    | XOM: summons 3 friendly demons
 21390 | Orc:2    | XOM: blink monster(s)
 21394 | Orc:2    | Killed Josephine
 21830 | Orc:2    | Reached skill level 10 in Fighting
 21976 | Orc:2    | Found a staircase to the Elven Halls.
 22003 | Orc:2    | Found Nukhaer's Magic Scroll Shop.
 22003 | Orc:2    | Found Totuom's Antique Armour Shoppe.
 22005 | Orc:2    | Found Bameomuz's Antique Armour Emporium.
 22007 | Orc:2    | Found Fodoll's Weapon Boutique.
 22016 | Orc:2    | Bought a scorched helmet for 247 gold pieces
 22016 | Orc:2    | Identified the +4 helmet "Ison Leu" {Str+2 Int+2} (You
                  | bought it in a shop on level 2 of the Orcish Mines)
 22148 | D:12     | Noticed Sonja
 22254 | D:12     | XOM: summons 1 hostile demon
 22294 | D:12     | XOM: stat loss: -1 Str (16/17)
 22354 | D:12     | XOM: swap monsters
 22387 | D:12     | XOM: summons 8 hostile demons
 22485 | D:12     | Killed Sonja
 22495 | D:12     | Found Kofuaroel's Assorted Antiques.
 22500 | D:12     | Bought a phantom mirror for 1080 gold pieces
 22500 | D:12     | Bought a bubbling golden potion for 24 gold pieces
 22500 | D:12     | Bought a potion of curing for 81 gold pieces
 22551 | D:12     | Noticed Urug
 22554 | D:12     | XOM: repel stairs
 22561 | D:12     | XOM: 1-stop teleportation journey
 22590 | D:12     | XOM: give mutation
 22590 | D:12     | Lost mutation: You are somewhat resistant to further
                  | mutation. [Xom's grace]
 22590 | D:12     | Gained mutation: You have hidden genetic potential. [Xom's
                  | grace]
 22595 | D:12     | XOM: cloud trail
 22597 | D:12     | XOM: 5-stop teleportation journey
 22638 | D:12     | Killed Urug
 22642 | D:12     | XOM: polymorph cyan ugly thing -> purple ugly thing
 22836 | D:12     | XOM is BORED!
 22836 | D:12     | XOM: noise
 22880 | D:12     | Identified the +10 trident of the Poles {vamp, rC+ rCorr
                  | Str-3 Int+5}
 22885 | D:12     | XOM: destruction
 23058 | D:13     | Noticed Rupert
 23071 | D:13     | Killed Rupert
 23129 | D:13     | XOM: scenery: summon butterflies
 23180 | D:13     | Noticed Snorg
 23186 | D:13     | Killed Snorg
 23224 | D:13     | XOM: cloud trail
 23289 | D:13     | Noticed Nessos
 23293 | D:13     | XOM: destruction
 23303 | D:13     | Killed Nessos
 23305 | D:13     | Reached XP level 16. HP: 118/162 MP: 22/24
 23307 | D:13     | XOM: polymorph slime creature -> ettin
 23460 | D:13     | XOM: god gift: 41 gold pieces
 23602 | D:14     | XOM: 8-stop teleportation journey
 23619 | D:14     | XOM: fog
 23703 | D:14     | XOM: cast spell 'Summon Small Mammal'
 23899 | D:14     | XOM: scenery: summon butterflies
 24086 | D:14     | XOM: 3-stop teleportation journey
 24213 | D:14     | XOM: cloud trail
 24232 | D:14     | XOM: silly message
 24339 | D:14     | XOM: silly message
 24369 | D:14     | Found a gate to the Vaults.
 24548 | D:14     | XOM is BORED!
 24572 | D:15     | Entered Level 15 of the Dungeon
 24599 | D:15     | XOM: cast spell 'Cause Fear'
 24717 | D:15     | XOM: divination: detect items
 24760 | D:15     | XOM: polymorph red ugly thing -> cyan ugly thing
 24763 | D:15     | XOM: destruction
 24767 | D:15     | XOM: smoke on damage
 24777 | D:15     | Gained mutation: You are agile. (Dex +4, Str/Int -1)
                  | [hidden potential]
 24967 | D:15     | Found a staircase to the Depths.
 25093 | D:15     | XOM: give mutations
 25093 | D:15     | Gained mutation: You have a pair of small antennae on your
                  | head. [Xom's grace]
 25093 | D:15     | Gained mutation: You are covered in fur. (AC +1) [Xom's
                  | grace]
 25093 | D:15     | Gained mutation: Your movements are slightly less
                  | encumbered by armour. (ER -2) [Xom's grace]
 25093 | D:15     | Gained mutation: You have an increased reservoir of magic.
                  | (+10% MP) [Xom's grace]
 25286 | D:15     | Found a sparkling altar of Nemelex Xobeh.
 25324 | D:15     | XOM: polymorph fire dragon -> emperor scorpion
 25327 | D:15     | XOM: polymorph emperor scorpion -> dream sheep
 25833 | Swamp:1  | Entered Level 1 of the Swamp
 25856 | Swamp:1  | Identified the +10 lajatang "Pendulum" {spect, rElec rCorr}
 25894 | Swamp:1  | XOM: give mutations
 25894 | Swamp:1  | Lost mutation: You are extremely robust. (+30% HP) [Xom's
                  | mischief]
 25894 | Swamp:1  | Gained mutation: You sometimes lose your temper in combat.
                  | [Xom's mischief]
 25949 | Swamp:1  | XOM: enchant monster (good)
 25961 | Swamp:1  | Reached skill level 1 in Staves
 26062 | Swamp:1  | Reached XP level 17. HP: 119/164 MP: 28/28
 26158 | Swamp:1  | Got the Volume of the Beaker and the Arsonist
 26186 | Swamp:1  | Identified the +0 scale mail of Sandy Birdsong {rC+}
 26514 | Swamp:2  | Reached skill level 5 in Staves
 26597 | Swamp:2  | XOM: give mutation
 26597 | Swamp:2  | Lost mutation: You have hidden genetic potential. [Xom's
                  | mischief]
 26655 | Swamp:2  | XOM: 4-stop teleportation journey
 26708 | Swamp:2  | XOM: scenery: create altars
 26944 | Swamp:2  | XOM: cloud trail
 27051 | Swamp:3  | XOM: confuse monster(s)
 27105 | Swamp:3  | XOM: 1-stop teleportation journey
 27623 | Swamp:3  | XOM: divination: magic mapping
 27649 | Swamp:4  | Entered Level 4 of the Swamp
 27736 | Swamp:3  | XOM: cloud trail
 27845 | Swamp:4  | XOM: fog
 27847 | Swamp:4  | XOM: divination: magic mapping
 27881 | Swamp:4  | Noticed Bai Suzhen
 27898 | Swamp:4  | Killed Bai Suzhen
 27958 | Swamp:4  | XOM: potion effect (might)
 28118 | Swamp:4  | Reached skill level 10 in Staves
 28135 | Swamp:4  | XOM: silly message
 28154 | Swamp:4  | XOM: potion effect (magic)
 28163 | Swamp:4  | XOM: potion effect (invisibility)
 28167 | Swamp:4  | XOM: silly message
 28569 | Swamp:4  | XOM: silly message
 28625 | Swamp:4  | XOM: silly message
 28695 | Swamp:4  | XOM: silly message
 28812 | Swamp:4  | XOM: divination: detect creatures
 28857 | Swamp:4  | XOM: confuse monster(s)
 28883 | Swamp:4  | XOM: enchant monster (bad)
 28899 | Swamp:4  | XOM: cast spell 'Summon Ice Beast'
 28900 | Swamp:4  | XOM: confuse monster(s)
 29006 | Swamp:4  | Noticed a bone dragon
 29017 | Swamp:4  | XOM: noise
 29032 | Swamp:4  | Killed a bone dragon
 29088 | Swamp:4  | Got a decaying rune of Zot
 29469 | Spider:1 | Entered Level 1 of the Spider Nest
 29469 | Spider:1 | XOM: silly message
 29474 | Spider:1 | XOM: enchant monster (bad)
 29519 | Spider:1 | Reached XP level 18. HP: 172/172 MP: 29/29
 29522 | Spider:1 | XOM: divination: detect items
 29525 | Spider:1 | XOM: divination: detect creatures
 29660 | Spider:1 | XOM: enchant monster (bad)
 29757 | Spider:1 | XOM: 1-stop teleportation journey
 29758 | Spider:1 | XOM: confuse monster(s)
 29764 | Spider:1 | XOM: potion effect (haste)
 29765 | Spider:1 | XOM: divination: detect creatures
 29820 | Spider:1 | Lost mutation: You sometimes lose your temper in combat.
                  | [potion of mutation]
 29820 | Spider:1 | Lost mutation: You have a pair of small antennae on your
                  | head. [potion of mutation]
 29820 | Spider:1 | Lost mutation: You are agile. (Dex +4, Str/Int -1) [potion
                  | of mutation]
 29820 | Spider:1 | Gained mutation: You have hidden genetic potential. [potion
                  | of mutation]
 29820 | Spider:1 | Lost mutation: You have an increased reservoir of magic.
                  | (+10% MP) [potion of mutation]
 29821 | Spider:1 | XOM: enchant monster (good)
 29881 | Spider:1 | XOM: noise
 29921 | Spider:1 | XOM: enchant monster (bad)
 29992 | Spider:1 | XOM: silly message
 30123 | Spider:1 | XOM: summons friendly shadow imp
 30189 | Spider:1 | XOM: 2-stop teleportation journey
 30268 | Spider:1 | XOM: god gift: dark potion {god gift}
 30349 | Spider:1 | XOM: divination: detect creatures
 30352 | Spider:1 | XOM: fog
 30454 | D:11     | XOM: divination: magic mapping
 30475 | D:11     | XOM: polymorph yaktaur captain -> shapeshifter
 30476 | D:11     | XOM: summons friendly orange demon
 30479 | D:11     | Killed asd2613's ghost
 30510 | D:11     | Identified the +0 morningstar of Rifogys {antimagic, rF+
                  | SInv}
 30688 | Spider:1 | XOM: scenery: create altars
 30701 | Spider:1 | XOM: divination: detect creatures
 30718 | Spider:1 | XOM: polymorph redback -> basilisk
 30740 | Spider:1 | XOM: scenery: summon butterflies
 31268 | Spider:2 | Noticed Asterion
 31276 | Spider:2 | XOM: scenery: summon butterflies
 31287 | Spider:1 | Killed Asterion
 31373 | Spider:2 | Noticed Frances
 31387 | Spider:2 | Killed Frances
 31565 | Spider:2 | XOM: scenery: summon butterflies
 31653 | Spider:2 | XOM: summons 12 friendly demons
 31802 | Spider:2 | Reached skill level 16 in Evocations
 31810 | Spider:2 | XOM: god gift: wand of digging (6)
 31840 | Spider:2 | XOM: divine lightning
 32464 | Spider:2 | XOM: scenery: create altars
 32479 | Spider:3 | XOM: cleaving
 32483 | Spider:3 | XOM: repel stairs
 32494 | Spider:3 | XOM: smoke on damage
 32710 | Spider:3 | Reached skill level 17 in Evocations
 32801 | Spider:3 | XOM: fog
 33464 | Spider:4 | Entered Level 4 of the Spider Nest
 33730 | Spider:3 | XOM: silly message
 33816 | Spider:3 | XOM: polymorph redback -> ettin
 33894 | Spider:3 | Reached skill level 18 in Evocations
 34021 | Spider:4 | XOM: silly message
 34042 | Spider:4 | XOM: 1-stop teleportation journey
 34045 | Spider:4 | XOM: enchant monster (good)
 34053 | Spider:4 | Reached XP level 19. HP: 85/170 MP: 27/27
 34206 | Spider:4 | XOM: polymorph demonic crawler -> rakshasa
 34251 | Spider:4 | XOM: summons 9 friendly demons
 34258 | Spider:4 | XOM: enchant monster (good)
 34261 | Spider:4 | Reached skill level 19 in Evocations
 34266 | Spider:4 | XOM: enchant monster (good)
 34286 | Spider:3 | Lost mutation: You are dopey. (Int -2) [hidden potential]
 34364 | Spider:4 | XOM: summons 4 friendly demons
 34755 | Spider:4 | Identified a scroll of acquirement
 34778 | Spider:4 | Acquired a manual of Ice Magic
 34792 | Spider:4 | XOM: give mutations
 34792 | Spider:4 | Gained mutation: You are agile. (Dex +4, Str/Int -1) [Xom's
                  | grace]
 34792 | Spider:4 | Gained mutation: You have supernaturally acute eyesight.
                  | (SInv) [Xom's grace]
 34792 | Spider:4 | Gained mutation: You possess an exceptional clarity of
                  | mind. [Xom's grace]
 34792 | Spider:4 | Gained mutation: You are extremely robust. (+30% HP) [Xom's
                  | grace]
 34863 | Spider:4 | Got a gossamer rune of Zot
 34986 | Spider:4 | XOM: god gift: 27 gold pieces
 35201 | Elf:1    | Entered Level 1 of the Elven Halls
 35201 | Elf:1    | Found the +5 robe of Night {Dark Will+ SInv}
 35201 | Elf:1    | Found a runed translucent gate.
 35201 | Elf:1    | Found a runed translucent gate.
 35201 | Elf:1    | Found a runed translucent gate.
 35201 | Elf:1    | Found a runed translucent gate.
 35201 | Elf:1    | Found a runed translucent gate.
 35201 | Elf:1    | Found a runed translucent gate.
 35202 | Elf:1    | Found a runed translucent door.
 35205 | Elf:1    | XOM: fake destruction
 35273 | Elf:1    | Reached skill level 10 in Ice Magic
 35327 | Elf:1    | XOM: scenery: 1 doors open, 1 doors close
 35393 | Elf:1    | XOM: fake destruction
 35396 | Elf:1    | XOM: god gift: Xom's Elucidation of the Hecatoncheires {god
                  | gift}
 35457 | Elf:1    | Got Xom's Elucidation of the Hecatoncheires {god gift}
 35520 | Elf:1    | XOM: polymorph deep elf knight -> cane toad
 35560 | Elf:1    | XOM: scenery: 1 doors open
 35626 | Elf:1    | XOM: summons friendly shadow imp
 35679 | Elf:1    | XOM: destruction
 35681 | Elf:1    | XOM: divination: detect items
 35747 | Elf:1    | XOM: give mutations
 35747 | Elf:1    | Gained mutation: You are partially covered in large bone
                  | plates. (SH +4) [Xom's grace]
 35747 | Elf:1    | Gained mutation: You are covered in thick fur. (AC +2)
                  | [Xom's grace]
 35747 | Elf:1    | Gained mutation: You have a pair of small antennae on your
                  | head. [Xom's grace]
 36101 | Elf:1    | Found a runed translucent door.
 36325 | Elf:1    | XOM: scenery: 2 doors close
 36386 | Elf:1    | XOM: cloud trail
 36636 | Elf:2    | Identified the serpent talisman "Asee" {Will- Dex+5}
 36636 | Elf:2    | Noticed Aizul
 36707 | Elf:2    | XOM: swap monsters
 36796 | Elf:2    | Killed Aizul
 36864 | Elf:2    | Learned a level 5 spell: Metabolic Englaciation
 36872 | Elf:2    | Learned a level 7 spell: Ozocubu's Refrigeration
 36934 | Elf:2    | XOM: potion effect (might)
 37016 | Elf:2    | XOM: 1-stop teleportation journey
 37082 | Elf:2    | Identified the +4 ring mail of Qaorch {Int+4 Dex-3}
 37104 | Elf:2    | XOM: divine lightning
 37110 | Elf:2    | XOM: summons friendly ice devil
 37189 | Elf:2    | XOM: give mutations
 37189 | Elf:2    | Gained mutation: You are strong-willed. (Will+) [Xom's
                  | grace]
 37189 | Elf:2    | Gained mutation: Your skin changes colour to match your
                  | surroundings (Stealth+). [Xom's grace]
 37189 | Elf:2    | Gained mutation: Your flesh is cold resistant. (rC+) [Xom's
                  | grace]
 37325 | Elf:2    | Found a runed translucent gate.
 37325 | Elf:2    | Found a runed translucent gate.
 37325 | Elf:2    | Found a runed translucent gate.
 37556 | Elf:3    | Entered Level 3 of the Elven Halls
 37556 | Elf:3    | Found a runed translucent gate.
 37556 | Elf:3    | Found a runed translucent gate.
 37558 | Elf:3    | Found a runed translucent gate.
 37567 | Elf:3    | Noticed dcgchant's ghost (veteran GnIE)
 37903 | Elf:3    | XOM: 7-stop teleportation journey
 37988 | Elf:3    | XOM: divine lightning
 38020 | Elf:3    | Reached XP level 20. HP: 204/204 MP: 29/29
 38186 | Elf:3    | XOM: noise
 38219 | Elf:3    | XOM: scenery: 1 doors close
 38268 | Elf:3    | Identified the ring "Ikiw" {AC+4 Int+3}
 38346 | Elf:3    | Identified the +0 long sword of the Swamp {drain, Str+3
                  | Int+3}
 38377 | Elf:3    | XOM: divination: detect items
 38379 | Elf:3    | XOM: noise
 38429 | Elf:3    | XOM: summons friendly quasit
 38435 | Elf:3    | XOM: divination: detect items
 38608 | Elf:3    | XOM: potion effect (berserk rage)
 38611 | Elf:3    | Reached skill level 15 in Ice Magic
 38701 | Elf:3    | Noticed Saint Roka
 38702 | Elf:3    | Identified the +1 chain mail of the Final Prophets {rF+}
 38705 | Elf:3    | XOM: give mutations
 38705 | Elf:3    | Lost mutation: You have a pair of small antennae on your
                  | head. [Xom's mischief]
 38705 | Elf:3    | Lost mutation: You are mostly covered in iridescent scales.
                  | (AC +4) [Xom's mischief]
 38705 | Elf:3    | Lost mutation: Your flesh is cold resistant. (rC+) [Xom's
                  | mischief]
 38705 | Elf:3    | Lost mutation: Your movements are slightly less encumbered
                  | by armour. (ER -2) [Xom's mischief]
 38715 | Elf:3    | Killed Saint Roka
 38722 | Elf:3    | XOM: give mutations
 38722 | Elf:3    | Lost mutation: You are covered in thick fur. (AC +2) [Xom's
                  | mischief]
 38722 | Elf:3    | Lost mutation: You possess an exceptional clarity of mind.
                  | [Xom's mischief]
 38722 | Elf:3    | Lost mutation: You are strong-willed. (Will+) [Xom's
                  | mischief]
 38722 | Elf:3    | Lost mutation: You are extremely robust. (+30% HP) [Xom's
                  | mischief]
 38889 | Elf:3    | XOM: swap monsters
 39083 | Elf:3    | XOM: summons friendly quasit
 39103 | Elf:3    | XOM: give mutations
 39103 | Elf:3    | Lost mutation: Your skin changes colour to match your
                  | surroundings (Stealth+). [Xom's mischief]
 39103 | Elf:3    | Gained mutation: Your magical capacity is low. (-10% MP)
                  | [Xom's mischief]
 39184 | Elf:3    | Identified the +4 scale mail of Fisasuis {rPois Int+7}
 39252 | Elf:3    | XOM: summons friendly iron imp
 39570 | Elf:3    | Identified the +0 pair of boots of the Flute {Harm Int+3
                  | SInv}
 39576 | Elf:3    | Identified the staff "Suviemau" {rElec rC+ Earth}
 39811 | Elf:3    | XOM: smoke on damage
 40060 | Elf:3    | XOM: cast spell 'Iskenderun's Battlesphere'
 40064 | Abyss:2  | Cast into level 2 of the Abyss (a deep elf demonologist)
 40064 | Elf:3    | Escaped the Abyss
 40064 | Elf:3    | XOM: revert banishment
 40080 | Elf:3    | XOM: summons friendly shadow imp
 40515 | Vaults:1 | Entered Level 1 of the Vaults
 40525 | D:14     | XOM: divine lightning
 40575 | D:14     | XOM: fake destruction
 40580 | D:14     | XOM: scenery: summon butterflies
 40647 | D:14     | Upgraded the game from 0.32-a0-868-g153ae1a8d6 to
                  | 0.32-a0-871-ge202e49faa
 40654 | Vaults:1 | XOM: confuse monster(s)
 40657 | Vaults:1 | XOM: summons friendly ufetubus
 40702 | Vaults:1 | XOM: divination: detect items
 40812 | Vaults:1 | Reached XP level 21. HP: 99/195 MP: 16/30
 40925 | Vaults:1 | Identified the +0 leather armour "Pifrat" {Harm Rampage}
 40935 | Vaults:1 | XOM: destruction
 40945 | Vaults:1 | XOM: 1-stop teleportation journey
 40972 | Vaults:1 | XOM: 1-stop teleportation journey
 41041 | Vaults:1 | XOM: cloud trail
 41220 | Vaults:1 | XOM: scenery: create altars
 41340 | Vaults:1 | Gained mutation: You possess an exceptional clarity of
                  | mind. [hidden potential]
 41340 | Vaults:1 | Lost mutation: You have hidden genetic potential. [hidden
                  | potential expressed]
 41563 | Vaults:1 | XOM: noise
 41654 | Vaults:1 | XOM: 2-stop teleportation journey
 41704 | Vaults:1 | XOM: smoke on damage
 42119 | Vaults:1 | XOM: cast spell 'Alistair's Intoxication'
 42137 | Vaults:1 | XOM: cast spell 'Metabolic Englaciation'
 42140 | Vaults:1 | XOM: god gift: boomerang
 42268 | Vaults:1 | XOM: god gift: 1039 gold pieces
 42795 | Vaults:2 | Found a huge runed translucent gate.
 42795 | Vaults:2 | Found a huge runed translucent gate.
 42795 | Vaults:2 | Found a huge runed translucent gate.
 42795 | Vaults:2 | Found a huge runed translucent gate.
 42795 | Vaults:2 | Found a huge runed translucent gate.
 42795 | Vaults:2 | Found a huge runed translucent gate.
 42795 | Vaults:2 | Found a huge runed translucent gate.
 42796 | Vaults:2 | Found a huge runed translucent gate.
 42796 | Vaults:2 | Found a huge runed translucent gate.
 42796 | Vaults:2 | Found a huge runed translucent gate.
 42797 | Vaults:2 | Found a huge runed translucent gate.
 42798 | Vaults:2 | Found a huge runed translucent gate.
 42798 | Vaults:2 | Found a huge runed translucent gate.
 42801 | Vaults:2 | Found a huge runed translucent gate.
 42802 | Vaults:2 | Found a huge runed translucent gate.
 42805 | Vaults:2 | Found a huge runed translucent gate.
 42849 | Vaults:2 | XOM: cast spell 'Animate Armour'
 42983 | Vaults:2 | XOM: god gift: +1 war axe of holy wrath
 42987 | Vaults:2 | XOM: cast spell 'Cause Fear'
 43000 | Vaults:2 | Reached skill level 10 in Spellcasting
 43105 | Vaults:2 | Identified the orb of the Shining Light {light, rPois Will+
                  | Slay+2}
 43105 | Vaults:2 | Noticed Frederick
 43113 | Vaults:2 | Killed Frederick
 43339 | Vaults:2 | Found a huge runed translucent gate.
 43340 | Vaults:2 | Found a huge runed translucent gate.
 43341 | Vaults:2 | Found a huge runed translucent gate.
 43342 | Vaults:2 | Found a huge runed translucent gate.
 43343 | Vaults:2 | Found a huge runed translucent gate.
 43344 | Vaults:2 | Found a huge runed translucent gate.
 43345 | Vaults:2 | Found a huge runed translucent gate.
 43345 | Vaults:2 | Found a huge runed translucent gate.
 43348 | Vaults:2 | Found a huge runed translucent gate.
 43370 | Vaults:2 | Found a huge runed translucent gate.
 43370 | Vaults:2 | Found a huge runed translucent gate.
 43372 | Vaults:2 | Found a huge runed translucent gate.
 43373 | Vaults:2 | Found a huge runed translucent gate.
 43374 | Vaults:2 | Found a huge runed translucent gate.
 43375 | Vaults:2 | Found a huge runed translucent gate.
 43376 | Vaults:2 | Found a huge runed translucent gate.
 43376 | Vaults:2 | Found a huge runed translucent gate.
 43379 | Vaults:2 | Found a huge runed translucent gate.
 43380 | Vaults:2 | Found a huge runed translucent gate.
 43380 | Vaults:2 | Found a huge runed translucent gate.
 43709 | Vaults:2 | XOM: cast spell 'Olgreb's Toxic Radiance'
 43744 | Vaults:2 | XOM: silly message
 43823 | Vaults:2 | Found a staircase to the Crypt.
 43823 | Vaults:2 | Found a basalt altar of Yredelemnul.
 43823 | Vaults:2 | Found an ancient bone altar of Kikubaaqudgha.
 43837 | Vaults:2 | Paralysed by a formless jellyfish for 1 turns
 43966 | Vaults:3 | XOM: noise
 43997 | Vaults:3 | XOM: potion effect (magic)
 44103 | Vaults:3 | XOM: silly message
 44152 | Vaults:3 | Found a flickering gateway to a bazaar.
 44162 | Bazaar   | Entered a bazaar
 44165 | Bazaar   | Found Zaumeckeu's Antique Weapon Boutique.
 44178 | Bazaar   | Found Hitz's Book Emporium.
 44199 | Bazaar   | Found Jizopang's General Store.
 44205 | Bazaar   | Bought a potion of heal wounds for 100 gold pieces
 44205 | Bazaar   | Bought a scroll of vulnerability for 80 gold pieces
 44205 | Bazaar   | Bought a scroll of immolation for 80 gold pieces
 44211 | Bazaar   | Found Jewots's Magic Scroll Shop.
 44217 | Bazaar   | Bought a scroll of teleportation for 27 gold pieces
 44217 | Bazaar   | Bought a scroll of revelation for 67 gold pieces
 44217 | Bazaar   | Bought a scroll of blinking for 67 gold pieces
 44217 | Bazaar   | Bought a scroll of revelation for 67 gold pieces
 44217 | Bazaar   | Bought a scroll of vulnerability for 36 gold pieces
 44217 | Bazaar   | Bought a scroll of vulnerability for 36 gold pieces
 44217 | Bazaar   | Bought a scroll of acquirement for 468 gold pieces
 44219 | Bazaar   | Found Iquetogh's Antique Armour Shop.
 44298 | Bazaar   | Bought a book of Vapours for 234 gold pieces
 44304 | Bazaar   | Learned a level 5 spell: Freezing Cloud
 44310 | Bazaar   | Bought a book of Movement for 360 gold pieces
 44322 | Bazaar   | Bought a scroll of amnesia for 36 gold pieces
 44322 | Bazaar   | Bought a scroll of fog for 36 gold pieces
 44326 | Bazaar   | XOM: polymorph quasit -> ufetubus
 44332 | Bazaar   | Acquired 795 gold pieces
 44334 | Bazaar   | Acquired a manual of Evocations
 44544 | Vaults:3 | XOM: chaos upgrade
 44583 | Vaults:3 | Reached skill level 20 in Evocations
 44715 | Vaults:3 | XOM: swap monsters
 44726 | Vaults:3 | Reached XP level 22. HP: 152/204 MP: 1/32
 44731 | Vaults:3 | XOM: silly message
 44733 | Vaults:3 | Reached skill level 21 in Evocations
 45039 | Vaults:3 | Reached skill level 22 in Evocations
 45045 | Vaults:3 | XOM: 7-stop teleportation journey
 45424 | Vaults:3 | XOM: give mutations
 45424 | Vaults:3 | Gained mutation: Armour fits poorly on your strangely
                  | shaped body. [Xom's mischief]
 45424 | Vaults:3 | Lost mutation: You are partially covered in iridescent
                  | scales. (AC +2) [Xom's mischief]
 45476 | Vaults:3 | XOM: give mutations
 45476 | Vaults:3 | Lost mutation: You possess an exceptional clarity of mind.
                  | [Xom's mischief]
 45476 | Vaults:3 | Lost mutation: Armour fits poorly on your strangely shaped
                  | body. [Xom's mischief]
 45554 | Vaults:3 | XOM: summons 12 hostile demons
 45677 | Vaults:3 | Found a portal to a secret trove of treasure.
 45801 | Vaults:3 | Reached skill level 23 in Evocations
 45850 | Vaults:3 | Identified the ring "Kalukh" {Fire rElec rN+ Will-}
 45922 | Vaults:3 | XOM: stat loss: -1 Str (16/17)
 46086 | Vaults:4 | Found Rigatigo's Armour Shoppe.
 46183 | Vaults:4 | Reached skill level 24 in Evocations
 46296 | Vaults:4 | Found a flickering gateway to a bazaar.
 46317 | Vaults:4 | XOM: potion effect (might)
 46324 | Bazaar   | Entered a bazaar
 46371 | Bazaar   | XOM: silly message
 46372 | Bazaar   | Found Xuot's Weapon Shop.
 46388 | Bazaar   | Found Vemynwis's Assorted Antiques.
 46412 | Bazaar   | Found Talimof's Book Shop.
 46417 | Bazaar   | Bought a book of the Tundra for 748 gold pieces
 46424 | Bazaar   | Learned a level 6 spell: Permafrost Eruption
 46435 | Bazaar   | Found Ydoeleh's Distillery.
 46460 | Bazaar   | Bought a potion of might for 44 gold pieces
 46460 | Bazaar   | Bought a potion of might for 44 gold pieces
 46460 | Bazaar   | Bought a potion of resistance for 110 gold pieces
 46460 | Bazaar   | Bought a potion of ambrosia for 88 gold pieces
 46460 | Bazaar   | Bought a potion of might for 44 gold pieces
 46460 | Bazaar   | Bought 2 potions of heal wounds for 110 gold pieces
 46460 | Bazaar   | Bought a potion of heal wounds for 55 gold pieces
 46478 | Bazaar   | Bought a wand of quicksilver (4) for 268 gold pieces
 46478 | Bazaar   | Bought a potion of enlightenment for 80 gold pieces
 46478 | Bazaar   | Bought a potion of resistance for 160 gold pieces
 46478 | Bazaar   | Bought a scroll of immolation for 64 gold pieces
 46622 | Vaults:4 | XOM: silly message
 46686 | Vaults:4 | Reached skill level 1 in Earth Magic
 46775 | Vaults:4 | XOM: divination: detect creatures
 46779 | Vaults:4 | XOM: silly message
 46830 | Vaults:4 | XOM: cloud trail
 47147 | Vaults:4 | XOM: divination: detect items
 47466 | Vaults:4 | Reached skill level 5 in Earth Magic
 47923 | Depths:1 | Entered Level 1 of the Depths
 48135 | Depths:1 | You fall into a shaft and drop 1 floor!
 48305 | Depths:1 | Found a sacrificial altar of Ru.
 48456 | Depths:1 | Found a gateway to Hell.
 48537 | Depths:1 | Found a one-way gate to the infinite horrors of the Abyss.
 48537 | Depths:1 | XOM: divine lightning
 49092 | Depths:1 | Found a one-way gateway to a ziggurat.
 49103 | Depths:1 | XOM: summons 3 hostile shadow creatures
 49146 | Depths:1 | XOM: stat loss: -1 Str (16/17)
 49247 | Depths:1 | XOM: 2-stop teleportation journey
 49331 | Depths:1 | XOM: silly message
 49374 | Depths:1 | Reached XP level 23. HP: 194/211 MP: 22/33
 49930 | Depths:1 | Noticed Nikola
 49940 | Depths:1 | Killed Nikola
 50020 | Depths:1 | XOM: give mutations
 50020 | Depths:1 | Gained mutation: You have a pair of small horns on your
                  | head. [Xom's mischief]
 50020 | Depths:1 | Gained mutation: You are extremely robust. (+30% HP) [Xom's
                  | mischief]
 50020 | Depths:1 | Lost mutation: You are agile. (Dex +4, Str/Int -1) [Xom's
                  | mischief]
 50020 | Depths:1 | Gained mutation: You are dopey. (Int -2) [Xom's mischief]
 50064 | Depths:1 | Found a one-way gate leading to the halls of Pandemonium.
 50106 | Depths:1 | Reached skill level 10 in Earth Magic
 50729 | Depths:2 | XOM: 6-stop teleportation journey
 51208 | Depths:2 | XOM: scenery: summon butterflies
 51371 | Depths:2 | Found Roukynac's Weapon Shoppe.
 51414 | Depths:2 | XOM: give mutations
 51414 | Depths:2 | Gained mutation: Your movements are slightly less
                  | encumbered by armour. (ER -2) [Xom's grace]
 51414 | Depths:2 | Gained mutation: You expend magic power (3 MP) to
                  | strengthen your wands. [Xom's grace]
 51414 | Depths:2 | Gained mutation: You are partially covered in iridescent
                  | scales. (AC +2) [Xom's grace]
 51414 | Depths:2 | Gained mutation: You are resistant to electric shocks.
                  | (rElec) [Xom's grace]
 51649 | Orc:2    | Bought the +0 mask of the Dragon {Will+ Slay+3 SInv} for
                  | 1035 gold pieces
 51649 | Orc:2    | Found the +0 mask of the Dragon {Will+ Slay+3 SInv}
 51726 | D:11     | XOM: divination: magic mapping
 51744 | D:11     | XOM: noise
 51881 | Vaults:2 | XOM: god gift: scroll of amnesia
 52102 | Depths:3 | XOM: 7-stop teleportation journey
 52524 | Depths:3 | XOM: god gift: short sword {god gift}
 52780 | Depths:3 | Identified the +3 shadow dragon scales of Inference {-Cast
                  | Rampage Fly rPois Stlth++++}
 52789 | Depths:3 | XOM: destruction
 52916 | Depths:3 | XOM: cloud trail
 52945 | Depths:3 | Found the +2 hood of the Assassin {Detect Stab+ Stlth++}
 52946 | Depths:3 | Found a shadowy altar of Dithmenos.
 53166 | Depths:3 | Found Big Baal Hell's Store.
 53466 | Vaults:3 | You paid a toll of 7 scrolls of fog to enter a treasure
                  | trove
 53467 | Trove    | Entered a treasure trove
 53472 | Trove    | Found the +3 warlock's mirror {omnireflect}
 53472 | Trove    | Found the +0 cloak of the Thief {Quiet Slay-3 SInv Stlth+}
 53496 | Trove    | Identified the orb "Xeliwn" {*Rage, Stlth+ Summ}
 53519 | Trove    | XOM: scenery: 2 doors close
 53608 | Vaults:1 | XOM: cloud trail
 53736 | Depths:1 | XOM: give mutations
 53736 | Depths:1 | Gained mutation: You have a pair of horns on your head.
                  | [Xom's grace]
 53736 | Depths:1 | Lost mutation: You are dopey. (Int -2) [Xom's grace]
 53736 | Depths:1 | Gained mutation: You are mostly covered in iridescent
                  | scales. (AC +4) [Xom's grace]
 53736 | Depths:1 | Gained mutation: Your mind is acute. (Int +4, Str/Dex -1)
                  | [Xom's grace]
 53794 | Depths:3 | XOM: give mutations
 53794 | Depths:3 | Gained mutation: Your mind is very acute. (Int +8, Str/Dex
                  | -2) [Xom's grace]
 53794 | Depths:3 | Gained mutation: You have a pair of large horns on your
                  | head. [Xom's grace]
 53828 | Depths:3 | XOM is BORED!
 53828 | Depths:3 | XOM: noise
 53933 | Depths:4 | Entered Level 4 of the Depths
 53933 | Depths:4 | Noticed Xtahua
 53959 | Depths:4 | XOM: enchant monster (good)
 53960 | Depths:4 | XOM: confuse monster(s)
 54057 | Depths:4 | Noticed Margery
 54060 | Depths:4 | Killed Margery
 54109 | Depths:3 | XOM: give mutations
 54109 | Depths:3 | Lost mutation: You have a pair of large horns on your head.
                  | [Xom's mischief]
 54109 | Depths:3 | Lost mutation: Your movements are slightly less encumbered
                  | by armour. (ER -2) [Xom's mischief]
 54114 | Depths:3 | XOM: enchant monster (good)
 54132 | Depths:3 | XOM: draining
 54154 | Depths:3 | XOM: god gift: 711 gold pieces
 54158 | Depths:3 | XOM: summons friendly iron imp
 54205 | Depths:3 | XOM: give mutations
 54205 | Depths:3 | Gained mutation: You have hidden genetic potential. [Xom's
                  | grace]
 54205 | Depths:3 | Gained mutation: You are completely covered in iridescent
                  | scales. (AC +6) [Xom's grace]
 54205 | Depths:3 | Gained mutation: Your movements are slightly less
                  | encumbered by armour. (ER -2) [Xom's grace]
 54205 | Depths:3 | Gained mutation: Your muscles are strong. (Str +4, Int/Dex
                  | -1) [Xom's grace]
 54367 | Depths:3 | Learned a level 5 spell: Lee's Rapid Deconstruction
 54637 | Slime:1  | Entered Level 1 of the Pits of Slime
 54695 | Slime:2  | XOM: silly message
 54761 | Slime:3  | XOM: noise
 54872 | Slime:3  | XOM: 1-stop teleportation journey
 54873 | Slime:3  | Reached XP level 24. HP: 224/227 MP: 33/33
 54940 | Slime:3  | XOM: confusion
 54954 | Slime:3  | You fall into a shaft and drop 1 floor!
 54964 | Slime:4  | Reached skill level 15 in Earth Magic
 55122 | Slime:5  | Entered Level 5 of the Pits of Slime
 55187 | Slime:5  | XOM: 2-stop teleportation journey
 55372 | Slime:5  | Noticed the Royal Jelly
 55378 | Slime:5  | Killed the Royal Jelly
 55515 | Slime:5  | Identified the +6 dagger of Veggaino {vamp, +Blink rElec
                  | rCorr Dex-5}
 55524 | Slime:5  | Identified the staff "Xuosog" {rN+ Int+4 Conj}
 55569 | Slime:5  | Got a slimy rune of Zot
 55586 | Slime:5  | Identified the +1 leather armour of the Gusle {^Drain rElec
                  | rC+ Int+6}
 55704 | Slime:5  | XOM: silly message
 55740 | Slime:2  | XOM is BORED!
 55740 | Slime:2  | XOM: 1-stop teleportation journey
 55761 | Slime:2  | XOM: enchant monster (good)
 55810 | Slime:2  | XOM: swap monsters
 56194 | Depths:4 | Killed Xtahua
 56198 | Depths:3 | XOM is BORED!
 56198 | Depths:3 | XOM: noise
 56533 | Depths:4 | XOM: summons 3 hostile demons
 56538 | Depths:4 | XOM: give mutations
 56538 | Depths:4 | Lost mutation: You are extremely robust. (+30% HP) [Xom's
                  | mischief]
 56538 | Depths:4 | Lost mutation: You are partially covered in large bone
                  | plates. (SH +4) [Xom's mischief]
 56674 | Depths:4 | XOM: summons friendly quasit
 56693 | Depths:3 | Reached skill level 10 in Dodging
 56948 | Depths:4 | Identified the +1 robe "Cofyth" {Int+3}
 56948 | Depths:4 | XOM: swap monsters
 56950 | Depths:4 | XOM: scenery: summon butterflies
 57180 | Depths:4 | Gained mutation: Your spells are a little harder to cast,
                  | but a little more powerful. [hidden potential]
 57282 | Depths:4 | Found a blossoming altar of Fedhas.
 57373 | Depths:4 | Found a white marble altar of Elyvilon.
 57448 | Depths:4 | Acquired a manual of Earth Magic
 57478 | Depths:4 | XOM: cast spell 'Dispersal'
 57521 | Depths:4 | Noticed Hitwibomn's ghost (veteran GnWn)
 57524 | Depths:4 | Found a runed translucent gate.
 57524 | Depths:4 | Found a runed translucent gate.
 57575 | Depths:4 | Found a runed translucent gate.
 57765 | Depths:4 | Found a gate to the Realm of Zot.
 58349 | Depths:4 | XOM: 4-stop teleportation journey
 58566 | Zot:1    | Entered Level 1 of the Realm of Zot
 58716 | D:14     | XOM: scenery: summon butterflies
 58746 | D:13     | XOM: scenery: summon butterflies
 58848 | Lair:5   | Killed zenocrate's ghost
 58849 | Lair:5   | Reached XP level 25. HP: 230/230 MP: 33/33
 58869 | Lair:5   | XOM: god gift: 5 stones
 59020 | Orc:2    | Bought 2 scrolls of fear for 96 gold pieces
 59020 | Orc:2    | Bought a scroll of teleportation for 36 gold pieces
 59020 | Orc:2    | Bought a scroll of teleportation for 36 gold pieces
 59020 | Orc:2    | Bought a scroll of poison for 48 gold pieces
 59020 | Orc:2    | Bought a scroll of teleportation for 36 gold pieces
 59220 | D:15     | XOM is BORED!
 59434 | Zot:1    | XOM: god gift: wand of digging (7)
 59456 | Zot:1    | XOM: summons 8 friendly demons
 59595 | Zot:1    | XOM: god gift: phial of floods
 59614 | Zot:2    | XOM: potion effect (haste)
 59812 | Zot:2    | XOM: god gift: dart of dispersal
 60057 | Zot:3    | You fall into a shaft and drop 1 floor!
 60058 | Zot:4    | Found a hide-covered altar of Uskayaw.
 60128 | Zot:4    | XOM: confuse monster(s)
 60176 | Zot:4    | XOM: 3-stop teleportation journey
 60181 | Zot:4    | XOM: potion effect (might)
 60303 | Zot:4    | XOM: silly message
 60372 | Zot:3    | Noticed an orb of fire
 60372 | Zot:3    | Noticed an ancient lich
 60437 | Zot:4    | XOM: divination: detect creatures
 60450 | Zot:5    | Entered Level 5 of the Realm of Zot
 60452 | Zot:5    | XOM: divination: detect creatures
 60478 | Zot:5    | Noticed a Killer Klown
 60494 | Zot:5    | Killed a Killer Klown
 60572 | Zot:4    | Gained mutation: You are clumsy. (Dex -2) [an orb of fire]
 60572 | Zot:4    | Gained mutation: You are vulnerable to heat. (rF-) [an orb
                  | of fire]
 60583 | Zot:4    | Gained mutation: Your magical capacity is very low. (-20%
                  | MP) [an orb of fire]
 60593 | Zot:4    | Lost mutation: Your muscles are strong. (Str +4, Int/Dex
                  | -1) [an orb of fire]
 60595 | Zot:4    | Gained mutation: Your health recovers twice as slowly from
                  | being drained. [an orb of fire]
 60598 | Zot:4    | Killed an orb of fire
 60725 | Zot:4    | Lost mutation: You have a pair of horns on your head.
                  | [potion of mutation]
 60725 | Zot:4    | Lost mutation: You have hidden genetic potential. [potion
                  | of mutation]
 60725 | Zot:4    | Lost mutation: Your spells are a little harder to cast, but
                  | a little more powerful. [potion of mutation]
 60725 | Zot:4    | Lost mutation: You have supernaturally acute eyesight.
                  | (SInv) [potion of mutation]
 60726 | Zot:4    | Lost mutation: You are clumsy. (Dex -2) [potion of
                  | mutation]
 60726 | Zot:4    | Lost mutation: Your mind is very acute. (Int +8, Str/Dex
                  | -2) [potion of mutation]
 60726 | Zot:4    | Lost mutation: Your mind is acute. (Int +4, Str/Dex -1)
                  | [potion of mutation]
 60726 | Zot:4    | Lost mutation: Your health recovers twice as slowly from
                  | being drained. [potion of mutation]
 60726 | Zot:4    | Gained mutation: You possess an exceptional clarity of
                  | mind. [potion of mutation]
 60727 | Zot:4    | Lost mutation: You possess an exceptional clarity of mind.
                  | [potion of mutation]
 60727 | Zot:4    | Lost mutation: You are completely covered in iridescent
                  | scales. (AC +6) [potion of mutation]
 60727 | Zot:4    | Lost mutation: You are resistant to electric shocks.
                  | (rElec) [potion of mutation]
 60727 | Zot:4    | Gained mutation: You possess an exceptional clarity of
                  | mind. [potion of mutation]
 60728 | Zot:4    | Lost mutation: Your system is resistant to poisons. (rPois)
                  | [potion of mutation]
 60728 | Zot:4    | Lost mutation: You are mostly covered in iridescent scales.
                  | (AC +4) [potion of mutation]
 60728 | Zot:4    | Lost mutation: You expend magic power (3 MP) to strengthen
                  | your wands. [potion of mutation]
 60728 | Zot:4    | Gained mutation: You are mostly covered in iridescent
                  | scales. (AC +4) [potion of mutation]
 60728 | Zot:4    | Gained mutation: Your mind is acute. (Int +4, Str/Dex -1)
                  | [potion of mutation]
 60729 | Zot:4    | Lost mutation: Your movements are slightly less encumbered
                  | by armour. (ER -2) [potion of mutation]
 60729 | Zot:4    | Lost mutation: You are mostly covered in iridescent scales.
                  | (AC +4) [potion of mutation]
 60729 | Zot:4    | Lost mutation: You possess an exceptional clarity of mind.
                  | [potion of mutation]
 60729 | Zot:4    | Lost mutation: You are covered in fur. (AC +1) [potion of
                  | mutation]
 60729 | Zot:4    | Gained mutation: Your muscles are strong. (Str +4, Int/Dex
                  | -1) [potion of mutation]
 60730 | Zot:4    | Lost mutation: You are very robust. (+20% HP) [potion of
                  | mutation]
 60730 | Zot:4    | Lost mutation: You are robust. (+10% HP) [potion of
                  | mutation]
 61393 | Zot:5    | XOM: summons 13 hostile demons
 61405 | Zot:5    | XOM: confusion
 61412 | Zot:5    | XOM: noise
 61637 | Zot:5    | Noticed a dread lich
 61643 | Zot:5    | Killed a dread lich
 61648 | Zot:5    | Noticed an orb of fire
 61652 | Zot:5    | Gained mutation: You are frail. (-10% HP) [an orb of fire]
 61658 | Zot:5    | Gained mutation: You are occasionally teleported next to
                  | monsters. [an orb of fire]
 61663 | Zot:5    | Killed an orb of fire
 61730 | Zot:5    | Noticed a Killer Klown
 61735 | Zot:5    | Killed a Killer Klown
 61763 | Zot:5    | Noticed an ancient lich
 61772 | Zot:5    | Killed an ancient lich
 61773 | Zot:5    | Reached XP level 26. HP: 94/179 MP: 5/30
 61843 | Zot:5    | Noticed an ancient lich
 61843 | Zot:5    | Noticed an ancient lich
 61849 | Zot:5    | Got the Orb of Zot
 61851 | Zot:5    | Noticed a dread lich
 61851 | Zot:5    | Noticed a Killer Klown
 61851 | Zot:5    | Noticed a Killer Klown
 61851 | Zot:5    | Noticed a Killer Klown
 61851 | Zot:5    | Noticed an orb of fire
 62197 | D:13     | XOM: summons 3 hostile shadow creatures
 62275 | D:8      | XOM: divination: detect items
 62308 | D:6      | Noticed Ohemo the pandemonium lord
 62427 | D:$      | Escaped with the Orb!

Illustrated notes

Levels and vault maps discovered:
D:1:      dpeg_arrival_long_road, layout_basic, serial_shops,
          nicolae_shop_waterfront, serial_bayou_crossing
D:2:      layout_loops_ring, basic_altar, minmay_quadrilaterals
D:3:      layout_basic, old_standard_altar, jmf_multi_god_temple,
          ebering_ecumenical_altar_sacrificial, kennysheep_orc_chapel,
          uniq_terence
D:4:      layout_basic, gammafunk_ghost_cemetery,
          chequers_serial_rivers_micro_b, grunt_ministairs_10
D:5:      layout_basic, minmay_temple_entry_nine_rooms,
          corexii_item_surrounded_by_moat, dreamdust_wishing_well
D:6:      layout_loops_cross, old_standard_altar, uniq_crazy_yiuf_cottage,
          uniq_eustachio
D:7:      layout_basic, uniq_menkaure
D:8:      layout_basic, uniq_pikel
D:9:      layout_stronghold, ashenzari_altar_1, enter_bailey_3,
          gammafunk_ghost_nasty_kobolds, minmay_misc_feat_plants,
          kennysheep_big_empty_room
D:10:     layout_basic, erik_orc_4
D:11:     minmay_bubble_buster, layout_basic, lair_entry_dummy,
          ebering_ghost_inner_flame
D:12:     layout_loops_ring, serial_shops, kennysheep_mini, uniq_sonja,
          uniq_urug
D:13:     layout_rooms, uniq_snorg, uniq_rupert, uniq_nessos
D:14:     regret_index_bee_streams, layout_stronghold,
          hellmonk_vaults_order_and_chaos, kennysheep_boxes
D:15:     hangedman_depths_entry_civil_slaughter, layout_loops_ring,
          nicolae_wwwww, nemelex_spade_bored_becter
Lair:1:   layout_hall_layers, grunt_megastairs_3, lemuel_fruit_fields,
          lemuel_fruit_tree
Lair:2:   layout_cave_shapes, mainiacjoe_swamp_entry_angry_trees
Lair:3:   layout_gridlike, spider_nest_entry_a, uniq_prince_ribbit2
Lair:4:   layout_long_grid, slime_entry_1, uniq_kirke
Lair:5:   wormcave, layout_gridlike, portal_ice_cave_entry_imps,
          hellmonk_ghost_happy_afterlife, minmay_hedge_maze
Swamp:1:  layout_basic_swamp, nicolae_swamp_tree_isthmus
Swamp:2:  layout_basic_swamp, evilmike_swamp_ruin_house_4, swamp_pool_4,
          infiniplex_staircase_pool
Swamp:3:  layout_falls_marsh, serial_swamp_ruin, evilmike_swamp_ruin_house_1,
          evilmike_swamp_ruin_rubble_1, hangedman_swamp_ruin_wall
Swamp:4:  swamp_pestilence, layout_basic_swamp, nicolae_swamp_hydra_murder_den,
          uniq_bai_suzhen
Spider:1: nicolae_spider_hilbert_zone_3 [nicolae_spider_hilbert_4_sides_2_open,
          nicolae_spider_hilbert_3_sides_1_open,
          nicolae_spider_hilbert_3_sides_1_open,
          nicolae_spider_hilbert_3_sides_1_open,
          nicolae_spider_hilbert_3_sides_1_open,
          nicolae_spider_hilbert_4_sides_1_open,
          nicolae_spider_hilbert_4_sides_1_open,
          nicolae_spider_hilbert_4_sides_1_open,
          nicolae_spider_hilbert_4_sides_1_open,
          nicolae_spider_hilbert_4_sides_1_open,
          nicolae_spider_hilbert_4_sides_1_open,
          nicolae_spider_hilbert_4_sides_1_open,
          nicolae_spider_hilbert_4_sides_1_open,
          nicolae_spider_hilbert_3_sides_1_open,
          nicolae_spider_hilbert_3_sides_1_open,
          nicolae_spider_hilbert_3_sides_1_open,
          nicolae_spider_hilbert_3_sides_1_open]
Spider:2: layout_chambers, drop_trap, hangedman_spider_tarantella_strand,
          uniq_asterion, uniq_frances
Spider:3: layout_spider_delve
Spider:4: hellmonk_spider_rune_bug_friends
Slime:1:  layout_caves
Slime:2:  layout_caves
Slime:3:  layout_caves, cheibrodos_slime_lost_civilization_6
Slime:4:  layout_caves
Slime:5:  slime_pit_nicolae_jellycorners
Orc:1:    layout_caves, nicolae_orc_rockfall, uniq_jorgrun
Orc:2:    st_orc_rangers, layout_caves, uniq_josephine
Elf:1:    nicolae_elf_arrival_dilemma, layout_onion_city,
          nicolae_elf_crossing_hall
Elf:2:    elven_hall_of_blades_hangedman_original
          [nicolae_blade_entry_hurt_lockers], layout_loops_ring,
          serial_sigils_hangedman_carve, uniq_aizul
Elf:3:    nooodl_elf_gasket, layout_geoelf_diagonals, ebering_ghost_rock_garden,
          elf_orc_summit_meeting, uniq_saint_roka
Vaults:1: nicolae_vaults_puzzle_piece, v_alt_pattern_6,
          vaults_mumra_minichess_inversion, vaults_room_grunt_arrival_ludios,
          hangedman_vaults_impose, minmay_orc_keep,
          nicolae_vaults_storage_room_doors, nicolae_vaults_security_offices_5,
          nicolae_vaults_tetromino_L_1, nicolae_vaults_alarming,
          layout_vaults_omnigrid
Vaults:2: minmay_crypt_entry_necro_gods, door_vault, v_pattern_4,
          nicolae_vaults_little_squares_1, hangedman_vaults_corner,
          nicolae_vaults_theta, nicolae_vaults_cornered_office,
          nicolae_vaults_closet_pinwheel_3, hangedman_vaults_nails,
          ontoclasm_vaults_eye, vaults_room_hallway, vaults_dpeg_emergency_exit,
          layout_vaults_omnicross, uniq_frederick
Vaults:3: vaults_dpeg_doors, lightli_orcish_oven,
          nicolae_vaults_variable_pillar_hall, vaults_mumra_hexcomb, v_misc_13,
          nicolae_vaults_ellipses_ellipsis, nicolae_vaults_diffraction_hallways,
          vaults_room_grid, hangedman_vaults_river_flow, vaults_dpeg_spiral,
          nicolae_vaults_tetromino_T_1, hangedman_vaults_nails,
          nicolae_vaults_apartment_1, nicolae_vaults_storage_closets_1,
          ontoclasm_vaults_bender, layout_vaults_omnibox, enter_trove_1,
          serial_shops, bzr_entry_safe
Vaults:4: nicolae_vaults_three_branches, v_rooms_6, grunt_vaults_twisty,
          nicolae_vaults_hallways_thing, v_rooms_2, vaults_mumra_chevron,
          vaults_dpeg_diagonal, nicolae_vaults_little_squares_6,
          nicolae_vaults_double_plus_1, nicolae_vaults_taking_the_gang_shopping,
          nicolae_vaults_theta, layout_vaults_ring, serial_shops,
          bzr_entry_lakeside
Depths:1: layout_gridlike, enter_ziggurat_e, minmay_room_of_horrors,
          pf_vacation_house_of_asmodeus, nicolae_ru_the_path_less_chosen,
          rand_demon_pan_entry_3, minmay_mirror_moons_of_madness, uniq_nikola
Depths:2: minmay_inside_and_out, layout_gridville, serial_shops,
          nicolae_shop_back_alley_shop, rand_demon_pan_entry_8,
          pf_hell_entry_tar_river
Depths:3: regret_index_dithmenos_brocken_genspenst, layout_twisted_cross,
          nicolae_hell_entry_big_baal_hell, abyss_entry_crystal
Depths:4: grunt_zot_entry_pinwheel, layout_cave_pools, elyvilon_altar_1,
          hell_entry, gammafunk_ghost_split, roadster_trireme, uniq_xtahua,
          uniq_margery
Zot:1:    circus_mu, layout_misc_corridors, regret_index_zotdec_wing_it
Zot:2:    gammafunk_the_bubble [the_bubble_gammafunk_split],
          layout_twisted_circle, gammafunk_ghost_wrathful_warriors
Zot:3:    grunt_deathspiral_small, layout_onion, uniq_josephina
Zot:4:    gammafunk_mikee_crab_dinner, layout_misc_corridors,
          regret_index_zotdec_twisting_globes, st_stairs_7, lemuel_elevator
Zot:5:    layout_misc_corridors

Skill      XL: |  1  2  3  4  5  6  7  8  9 10 11 12 13 14 15 16 17 18 19 20 21 22 23 24 25 |
---------------+----------------------------------------------------------------------------+-----
Axes           | 4 |  4.4
Ranged Weapons | 1 2 4 5 7 9 10 13 14 | 14.0
Evocations     | 4 9 12 13 15 18 19 20 24 | 24.8
Fighting       | 5 7 8 11 13 14 | 14.5
Dodging        | 4 6 8 9 10 | 10.9
Armour         | 3 4 5 7 8 9 |  9.5
Ice Magic      | 7 8 14 16 18 | 18.8
Spellcasting   | 5 6 8 10 | 10.6
Staves         | 3 11 14 | 14.0
Earth Magic    | 8 14 17 21 | 21.8

Action                     |  1- 3 |  4- 6 |  7- 9 | 10-12 | 13-15 | 16-18 | 19-21 | 22-24 | 25-27 || total
---------------------------+-------+-------+-------+-------+-------+-------+-------+-------+-------++-------
  Melee: Hand axe          |    74 |    82 |       |       |       |       |       |       |       ||   156
         Dagger            |    63 |    73 |       |       |       |       |       |       |       ||   136
         Sling             |       |       |       |    16 |       |       |       |       |       ||    16
         Lajatang          |       |       |       |       |       |   483 |  1078 |   298 |       ||  1859
         Staff             |       |       |       |       |       |       |       |   741 |   341 ||  1082
         Headbutt          |       |       |       |       |       |       |       |   130 |    79 ||   209
   Fire: Sling             |       |   126 |   562 |  1744 |  1824 |  2098 |       |       |       ||  6354
   Cast: Ozocubu's Armour  |       |       |       |       |    22 |    22 |    29 |    33 |     3 ||   109
         Frozen Ramparts   |       |       |       |       |    13 |    22 |     6 |       |       ||    41
         Ozocubu's Refrige |       |       |       |       |       |       |    71 |   114 |    10 ||   195
         Metabolic Englaci |       |       |       |       |       |       |     7 |       |       ||     7
         Freezing Cloud    |       |       |       |       |       |       |     3 |    10 |       ||    13
         Permafrost Erupti |       |       |       |       |       |       |       |   288 |   109 ||   397
         Lee's Rapid Decon |       |       |       |       |       |       |       |     9 |       ||     9
Ability: Invent Gizmo      |       |       |       |       |     1 |       |       |       |       ||     1
  Evoke: Wand              |       |       |     9 |    22 |    12 |    13 |    22 |     8 |    16 ||   102
         Gell's gravitambo |       |       |       |       |     3 |     6 |       |     5 |     2 ||    16
         Phantom mirror    |       |       |       |       |     1 |     3 |     2 |       |       ||     6
         Sack of spiders   |       |       |       |       |       |       |     2 |       |     2 ||     4
         Phial of floods   |       |       |       |       |       |       |       |       |     1 ||     1
    Use: Scroll            |     2 |       |     9 |    19 |     4 |    10 |    14 |     6 |    13 ||    77
         Potion            |       |     2 |     1 |     1 |     2 |     1 |     2 |     2 |    28 ||    39
   Stab: Held in net/web   |     2 |       |       |       |       |       |       |       |       ||     2
         Sleeping          |     1 |       |       |       |       |     1 |     6 |     1 |       ||     9
         Distracted        |       |       |       |       |       |     6 |    28 |    12 |       ||    46
         Paralysed         |       |       |       |       |       |     1 |     3 |     4 |     7 ||    15
         Confused          |       |       |       |       |       |       |     3 |     2 |       ||     5
 Armour: Leather armour    |    53 |    90 |   150 |   119 |       |       |       |       |       ||   412
         Ring mail         |       |       |       |   471 |   416 |  1054 |    94 |       |       ||  2035
         Robe              |       |       |       |       |       |       |   613 |   575 |       ||  1188
         Quicksilver drago |       |       |       |       |       |       |       |   112 |   327 ||   439
  Dodge: Dodged            |    45 |    47 |    84 |   494 |   338 |   924 |   661 |   489 |   199 ||  3281
  Block: Other             |       |       |       |       |       |       |    81 |    77 |       ||   158

Table legend: (Time is in decaauts)
 A = Elapsed time spent in this place.
 B = Non-inter-level travel time spent in this place.
 C = Inter-level travel time spent in this place.
 D = Time resting spent in this place.
 E = Time spent auto-exploring this place.
 F = Levels seen in this place.
 G = Mean time per level.
                   A        B        C        D        E       F      G
               +--------+--------+--------+--------+--------+-----+--------+
         Total |  62144 |  55275 |   6869 |   9322 |  31875 |  57 | 1090.2 |
       Dungeon |  18905 |  15546 |   3359 |   1662 |  10672 |  15 | 1260.3 |
          Lair |   7170 |   6325 |    845 |   1185 |   3902 |   5 | 1434.0 |
         Swamp |   3580 |   3442 |    138 |    331 |   1976 |   4 |  895.0 |
   Spider Nest |   5237 |   4988 |    249 |    786 |   3011 |   4 | 1309.2 |
    Slime Pits |   1245 |   1210 |     35 |    473 |     65 |   5 |  249.0 |
  Orcish Mines |   1334 |   1003 |    331 |     44 |    632 |   2 |  667.0 |
   Elven Halls |   4973 |   4753 |    220 |    915 |   2514 |   3 | 1657.7 |
        Vaults |   6961 |   6348 |    613 |    766 |   4040 |   4 | 1740.2 |
        Depths |   7802 |   6783 |   1019 |   1317 |   4109 |   4 | 1950.5 |
           Zot |   2541 |   2485 |     56 |   1316 |    234 |   5 |  508.2 |
         Abyss |      0 |      0 |      0 |      0 |      0 |   1 |    0.0 |
        Bazaar |    387 |    387 |      0 |      0 |    229 |   2 |  193.5 |
         Trove |     73 |     73 |      0 |      0 |      5 |   1 |   73.0 |
        Bailey |    724 |    724 |      0 |    135 |    275 |   1 |  724.0 |
      Ice Cave |   1207 |   1207 |      0 |    390 |    208 |   1 | 1207.0 |
               +--------+--------+--------+--------+--------+-----+--------+

Top non-repeatable levels by time:
   Elf:3: 2531 daAuts
Depths:3: 2328 daAuts
Depths:1: 2269 daAuts
Depths:4: 1993 daAuts
Vaults:3: 1940 daAuts
Vaults:1: 1935 daAuts
    D:14: 1850 daAuts
    D:10: 1773 daAuts
     D:8: 1661 daAuts
  Lair:4: 1608 daAuts
Spider:1: 1581 daAuts
Vaults:2: 1581 daAuts
Spider:3: 1524 daAuts
Vaults:4: 1504 daAuts
    D:11: 1485 daAuts
